Workbook

Sheet Title Page
C4: VA-210517-NTT: Messaging Services - MOD. 22 | N4: Exhibit 4.1: Pricing and Volumes Matrix
C14: Exhibit 4.1 - MODIFICATION NO. 22 Pricing and Volumes Matrix VA-210517-NTT - Messaging Services
C25: COMMONWEALTH OF VIRGINIA VIRGINIA IT AGENCY (VITA) SUPPLIER STRATEGY AND PERFORMANCE DIVISION 7325 Beaufont Springs Drive Richmond, Virginia 23225

Sheet 1 - Total Estimated Charges
B2: Total Estimated Charges (Annual Amounts in $)
L5: Renewal Option 1 | O5: Renewal Option 2 | R5: Renewal Option 3
B6: Resource Description | E6: Contract Year 1 | F6: Contract Year 2 | G6: Contract Year 3 | H6: Contract Year 4 | I6: Contract Year 5 | J6: 5 Year Total | L6: Contract Year 6 | M6: 6 Year Total | O6: Contract Year 7 | P6: 7 Year Total | R6: Contract Year 8 | S6: 8 Year Total
B7: GOOGLE SERVICES PLATFORM
C8: Core Services
D9: Messaging Integrated Platform Support (Exh 4.2 section 3.1.7) NOTE 1, 8 | E9: ='2 - Monthly Unit Rates'!F9*'3 - Estimated Volumes'!E10*12 -> 4573346.4 | F9: ='2 - Monthly Unit Rates'!G9*'3 - Estimated Volumes'!F10*3 -> 1173281.1 | G9: ='2 - Monthly Unit Rates'!H9*'3 - Estimated Volumes'!G10*12 -> 0 | H9: ='2 - Monthly Unit Rates'!I9*'3 - Estimated Volumes'!H10*12 -> 0 | I9: ='2 - Monthly Unit Rates'!J9*'3 - Estimated Volumes'!I10*12 -> 0 | J9: =SUM(E9:I9) -> 5746627.5 | L9: ='2 - Monthly Unit Rates'!L9*'3 - Estimated Volumes'!K10*12 -> 0 | M9: =SUM(J9:L9) -> 5746627.5 | O9: ='2 - Monthly Unit Rates'!M9*'3 - Estimated Volumes'!M10*12 -> 0 | P9: =SUM(M9:O9) -> 5746627.5 | R9: ='2 - Monthly Unit Rates'!N9*'3 - Estimated Volumes'!O10*12 -> 0 | S9: =SUM(P9:R9) -> 5746627.5
D10: Messaging Integrated Platform Support (Exh 4.2 section 3.1.7) NOTE 9 | E10: 0 | F10: ='2 - Monthly Unit Rates'!G10*'3 - Estimated Volumes'!F11*9 -> 3430009.8 | G10: ='2 - Monthly Unit Rates'!H10*'3 - Estimated Volumes'!G11*12 -> 4693124.5 | H10: ='2 - Monthly Unit Rates'!I10*'3 - Estimated Volumes'!H11*12 -> 4693124.5 | I10: ='2 - Monthly Unit Rates'!J10*'3 - Estimated Volumes'!I11*12 -> 4693124.5 | J10: =SUM(E10:I10) -> 17509383 | L10: ='2 - Monthly Unit Rates'!L10*'3 - Estimated Volumes'!K11*12 -> 4693124.5 | M10: =SUM(J10:L10) -> 22202508 | O10: ='2 - Monthly Unit Rates'!M10*'3 - Estimated Volumes'!M11*12 -> 4693124.5 | P10: =SUM(M10:O10) -> 26895632 | R10: ='2 - Monthly Unit Rates'!N10*'3 - Estimated Volumes'!O11*12 -> 4693124.5 | S10: =SUM(P10:R10) -> 31588757
D11: Archive, eDIscovery and Records Management for Active Users (Exh 4.2 section 3.1.14) (Suspended) | E11: ='2 - Monthly Unit Rates'!F11*'3 - Estimated Volumes'!E12*12 -> 0 | F11: ='2 - Monthly Unit Rates'!G11*'3 - Estimated Volumes'!F12*12 -> 0 | G11: ='2 - Monthly Unit Rates'!H11*'3 - Estimated Volumes'!G12*12 -> 0 | H11: ='2 - Monthly Unit Rates'!I11*'3 - Estimated Volumes'!H12*12 -> 0 | I11: ='2 - Monthly Unit Rates'!J11*'3 - Estimated Volumes'!I12*12 -> 0 | J11: =SUM(E11:I11) -> 0 | L11: ='2 - Monthly Unit Rates'!L11*'3 - Estimated Volumes'!K12*12 -> 0 | M11: =SUM(J11:L11) -> 0 | O11: ='2 - Monthly Unit Rates'!M11*'3 - Estimated Volumes'!M12*12 -> 0 | P11: =SUM(M11:O11) -> 0 | R11: ='2 - Monthly Unit Rates'!N11*'3 - Estimated Volumes'!O12*12 -> 0 | S11: =SUM(P11:R11) -> 0
D12: Enterprise Technologies Charge (Exh 4.2 section 3.1.8) | E12: ='2 - Monthly Unit Rates'!F12*'3 - Estimated Volumes'!E13*12 -> 707779.8 | F12: ='2 - Monthly Unit Rates'!G12*'3 - Estimated Volumes'!F13*12 -> 707779.8 | G12: ='2 - Monthly Unit Rates'!H12*'3 - Estimated Volumes'!G13*12 -> 707779.8 | H12: ='2 - Monthly Unit Rates'!I12*'3 - Estimated Volumes'!H13*12 -> 707779.8 | I12: ='2 - Monthly Unit Rates'!J12*'3 - Estimated Volumes'!I13*12 -> 707779.8 | J12: =SUM(E12:I12) -> 3538899 | L12: ='2 - Monthly Unit Rates'!L12*'3 - Estimated Volumes'!K13*12 -> 707779.8 | M12: =SUM(J12:L12) -> 4246678.8 | O12: ='2 - Monthly Unit Rates'!M12*'3 - Estimated Volumes'!M13*12 -> 707779.8 | P12: =SUM(M12:O12) -> 4954458.6 | R12: ='2 - Monthly Unit Rates'!N12*'3 - Estimated Volumes'!O13*12 -> 707779.8 | S12: =SUM(P12:R12) -> 5662238.4
D13: Interoperability Solution Charge (Exh 4.2 section 3.1.9) | E13: ='2 - Monthly Unit Rates'!F13*'3 - Estimated Volumes'!E14*12 -> 28440 | F13: ='2 - Monthly Unit Rates'!G13*'3 - Estimated Volumes'!F14*12 -> 28440 | G13: ='2 - Monthly Unit Rates'!H13*'3 - Estimated Volumes'!G14*12 -> 28440 | H13: ='2 - Monthly Unit Rates'!I13*'3 - Estimated Volumes'!H14*12 -> 28440 | I13: ='2 - Monthly Unit Rates'!J13*'3 - Estimated Volumes'!I14*12 -> 28440 | J13: =SUM(E13:I13) -> 142200 | L13: ='2 - Monthly Unit Rates'!L13*'3 - Estimated Volumes'!K14*12 -> 28440 | M13: =SUM(J13:L13) -> 170640 | O13: ='2 - Monthly Unit Rates'!M13*'3 - Estimated Volumes'!M14*12 -> 28440 | P13: =SUM(M13:O13) -> 199080 | R13: ='2 - Monthly Unit Rates'!N13*'3 - Estimated Volumes'!O14*12 -> 28440 | S13: =SUM(P13:R13) -> 227520
D14: G Suite Vault Archive User License | E14: ='2 - Monthly Unit Rates'!F14*'3 - Estimated Volumes'!E15*12 -> 0 | F14: ='2 - Monthly Unit Rates'!G14*'3 - Estimated Volumes'!F15*12 -> 0 | G14: ='2 - Monthly Unit Rates'!H14*'3 - Estimated Volumes'!G15*12 -> 0 | H14: ='2 - Monthly Unit Rates'!I14*'3 - Estimated Volumes'!H15*12 -> 0 | I14: ='2 - Monthly Unit Rates'!J14*'3 - Estimated Volumes'!I15*12 -> 0 | J14: =SUM(E14:I14) -> 0 | L14: ='2 - Monthly Unit Rates'!L14*'3 - Estimated Volumes'!K15*12 -> 0 | M14: =SUM(J14:L14) -> 0 | O14: ='2 - Monthly Unit Rates'!M14*'3 - Estimated Volumes'!M15*12 -> 0 | P14: =SUM(M14:O14) -> 0 | R14: ='2 - Monthly Unit Rates'!N14*'3 - Estimated Volumes'!O15*12 -> 0 | S14: =SUM(P14:R14) -> 0
D15: Google Workspace Enterprise Standard License (Exh 4.2 section 2.2.1) NOTE 3, 4 | E15: ='2 - Monthly Unit Rates'!F15*'3 - Estimated Volumes'!E16*12 -> 1293415.5 | F15: ='2 - Monthly Unit Rates'!G15*'3 - Estimated Volumes'!F16*12 -> 2672821.2 | G15: ='2 - Monthly Unit Rates'!H15*'3 - Estimated Volumes'!G16*12 -> 2112450.5 | H15: ='2 - Monthly Unit Rates'!I15*'3 - Estimated Volumes'!H16*12 -> 2206821.1 | I15: ='2 - Monthly Unit Rates'!J15*'3 - Estimated Volumes'!I16*12 -> 2250376.8 | J15: =SUM(E15:I15) -> 10535885 | L15: ='2 - Monthly Unit Rates'!L15*'3 - Estimated Volumes'!K16*12 -> 2550641.5 | M15: =SUM(J15:L15) -> 13086527 | O15: ='2 - Monthly Unit Rates'!M15*'3 - Estimated Volumes'!M16*12 -> 2852865.1 | P15: =SUM(M15:O15) -> 15939392 | R15: ='2 - Monthly Unit Rates'!N15*'3 - Estimated Volumes'!O16*12 -> 3279441.2 | S15: =SUM(P15:R15) -> 19218833
D16: Google Workspace Enterprise Plus License (Exh 4.2 section 2.2.2) | E16: ='2 - Monthly Unit Rates'!F16*'3 - Estimated Volumes'!E17*12 -> 0 | F16: ='2 - Monthly Unit Rates'!G16*'3 - Estimated Volumes'!F17*12 -> 0 | G16: ='2 - Monthly Unit Rates'!H16*'3 - Estimated Volumes'!G17*12 -> 0 | H16: ='2 - Monthly Unit Rates'!I16*'3 - Estimated Volumes'!H17*12 -> 0 | I16: ='2 - Monthly Unit Rates'!J16*'3 - Estimated Volumes'!I17*12 -> 0 | J16: =SUM(E16:I16) -> 0 | L16: ='2 - Monthly Unit Rates'!L16*'3 - Estimated Volumes'!K17*12 -> 0 | M16: =SUM(J16:L16) -> 0 | O16: ='2 - Monthly Unit Rates'!M16*'3 - Estimated Volumes'!M17*12 -> 0 | P16: =SUM(M16:O16) -> 0 | R16: ='2 - Monthly Unit Rates'!N16*'3 - Estimated Volumes'!O17*12 -> 0 | S16: =SUM(P16:R16) -> 0
D17: Subtotal | E17: =SUM(E9:E16) -> 6602981.7 | F17: =SUM(F9:F16) -> 8012331.9 | G17: =SUM(G9:G16) -> 7541794.8 | H17: =SUM(H9:H16) -> 7636165.4 | I17: =SUM(I9:I16) -> 7679721.1 | J17: =SUM(J9:J16) -> 37472995 | L17: =SUM(L9:L16) -> 7979985.8 | M17: =SUM(M9:M16) -> 45452981 | O17: =SUM(O9:O16) -> 8282209.5 | P17: =SUM(P9:P16) -> 53735190 | R17: =SUM(R9:R16) -> 8708785.5 | S17: =SUM(S9:S16) -> 62443976
C19: Other Services
D20: Secure Voicemail to Email Integration w/Transcription - G Suite (Exh 4.2 section 3.1.11) (Suspended) | E20: ='2 - Monthly Unit Rates'!F20*'3 - Estimated Volumes'!E20*12 -> 4140 | F20: ='2 - Monthly Unit Rates'!G20*'3 - Estimated Volumes'!F20*12 -> 4140 | G20: ='2 - Monthly Unit Rates'!H20*'3 - Estimated Volumes'!G20*12 -> 4140 | H20: ='2 - Monthly Unit Rates'!I20*'3 - Estimated Volumes'!H20*12 -> 4140 | I20: ='2 - Monthly Unit Rates'!J20*'3 - Estimated Volumes'!I20*12 -> 4140 | J20: =SUM(E20:I20) -> 20700 | L20: ='2 - Monthly Unit Rates'!L20*'3 - Estimated Volumes'!K20*12 -> 4140 | M20: =SUM(J20:L20) -> 24840 | O20: ='2 - Monthly Unit Rates'!M20*'3 - Estimated Volumes'!M20*12 -> 4140 | P20: =SUM(M20:O20) -> 28980 | R20: ='2 - Monthly Unit Rates'!N20*'3 - Estimated Volumes'!O20*12 -> 4140 | S20: =SUM(P20:R20) -> 33120
D21: Secure Fax to Email Direct In Dial Per User Charge (Exh 4.2 section 3.1.3) (Suspended) | E21: ='2 - Monthly Unit Rates'!F21*'3 - Estimated Volumes'!E21*12 -> 2079 | F21: ='2 - Monthly Unit Rates'!G21*'3 - Estimated Volumes'!F21*12 -> 2079 | G21: ='2 - Monthly Unit Rates'!H21*'3 - Estimated Volumes'!G21*12 -> 2079 | H21: ='2 - Monthly Unit Rates'!I21*'3 - Estimated Volumes'!H21*12 -> 2079 | I21: ='2 - Monthly Unit Rates'!J21*'3 - Estimated Volumes'!I21*12 -> 2079 | J21: =SUM(E21:I21) -> 10395 | L21: ='2 - Monthly Unit Rates'!L21*'3 - Estimated Volumes'!K21*12 -> 2079 | M21: =SUM(J21:L21) -> 12474 | O21: ='2 - Monthly Unit Rates'!M21*'3 - Estimated Volumes'!M21*12 -> 2079 | P21: =SUM(M21:O21) -> 14553 | R21: ='2 - Monthly Unit Rates'!N21*'3 - Estimated Volumes'!O21*12 -> 2079 | S21: =SUM(P21:R21) -> 16632
D22: Secure Fax to Email Toll Free Per User Charge (Exh 4.2 section 3.1.4) (Suspended) | E22: ='2 - Monthly Unit Rates'!F22*'3 - Estimated Volumes'!E22*12 -> 247.2 | F22: ='2 - Monthly Unit Rates'!G22*'3 - Estimated Volumes'!F22*12 -> 247.2 | G22: ='2 - Monthly Unit Rates'!H22*'3 - Estimated Volumes'!G22*12 -> 247.2 | H22: ='2 - Monthly Unit Rates'!I22*'3 - Estimated Volumes'!H22*12 -> 247.2 | I22: ='2 - Monthly Unit Rates'!J22*'3 - Estimated Volumes'!I22*12 -> 247.2 | J22: =SUM(E22:I22) -> 1236 | L22: ='2 - Monthly Unit Rates'!L22*'3 - Estimated Volumes'!K22*12 -> 247.2 | M22: =SUM(J22:L22) -> 1483.2 | O22: ='2 - Monthly Unit Rates'!M22*'3 - Estimated Volumes'!M22*12 -> 247.2 | P22: =SUM(M22:O22) -> 1730.4 | R22: ='2 - Monthly Unit Rates'!N22*'3 - Estimated Volumes'!O22*12 -> 247.2 | S22: =SUM(P22:R22) -> 1977.6
D23: Secure Fax to Email Fax Per Page Charge (Exh 4.2 section 3.1.5) (Suspended) | E23: ='2 - Monthly Unit Rates'!F23*'3 - Estimated Volumes'!E23*12 -> 360 | F23: ='2 - Monthly Unit Rates'!G23*'3 - Estimated Volumes'!F23*12 -> 360 | G23: ='2 - Monthly Unit Rates'!H23*'3 - Estimated Volumes'!G23*12 -> 360 | H23: ='2 - Monthly Unit Rates'!I23*'3 - Estimated Volumes'!H23*12 -> 360 | I23: ='2 - Monthly Unit Rates'!J23*'3 - Estimated Volumes'!I23*12 -> 360 | J23: =SUM(E23:I23) -> 1800 | L23: ='2 - Monthly Unit Rates'!L23*'3 - Estimated Volumes'!K23*12 -> 360 | M23: =SUM(J23:L23) -> 2160 | O23: ='2 - Monthly Unit Rates'!M23*'3 - Estimated Volumes'!M23*12 -> 360 | P23: =SUM(M23:O23) -> 2520 | R23: ='2 - Monthly Unit Rates'!N23*'3 - Estimated Volumes'!O23*12 -> 360 | S23: =SUM(P23:R23) -> 2880
D24: Secure Fax to Email TLS Security Charge (Exh 4.2 section 3.1.6) (Suspended) | E24: ='2 - Monthly Unit Rates'!F24*'3 - Estimated Volumes'!E24*12 -> 377.52 | F24: ='2 - Monthly Unit Rates'!G24*'3 - Estimated Volumes'!F24*12 -> 377.52 | G24: ='2 - Monthly Unit Rates'!H24*'3 - Estimated Volumes'!G24*12 -> 377.52 | H24: ='2 - Monthly Unit Rates'!I24*'3 - Estimated Volumes'!H24*12 -> 377.52 | I24: ='2 - Monthly Unit Rates'!J24*'3 - Estimated Volumes'!I24*12 -> 377.52 | J24: =SUM(E24:I24) -> 1887.6 | L24: ='2 - Monthly Unit Rates'!L24*'3 - Estimated Volumes'!K24*12 -> 377.52 | M24: =SUM(J24:L24) -> 2265.12 | O24: ='2 - Monthly Unit Rates'!M24*'3 - Estimated Volumes'!M24*12 -> 377.52 | P24: =SUM(M24:O24) -> 2642.64 | R24: ='2 - Monthly Unit Rates'!N24*'3 - Estimated Volumes'!O24*12 -> 377.52 | S24: =SUM(P24:R24) -> 3020.16
D25: End to End Encryption for Email and Data (Exh 4.2 section 3.1.12) | E25: ='2 - Monthly Unit Rates'!F25*'3 - Estimated Volumes'!E25*12 -> 400140 | F25: ='2 - Monthly Unit Rates'!G25*'3 - Estimated Volumes'!F25*12 -> 400140 | G25: ='2 - Monthly Unit Rates'!H25*'3 - Estimated Volumes'!G25*12 -> 400140 | H25: ='2 - Monthly Unit Rates'!I25*'3 - Estimated Volumes'!H25*12 -> 400140 | I25: ='2 - Monthly Unit Rates'!J25*'3 - Estimated Volumes'!I25*12 -> 400140 | J25: =SUM(E25:I25) -> 2000700 | L25: ='2 - Monthly Unit Rates'!L25*'3 - Estimated Volumes'!K25*12 -> 400140 | M25: =SUM(J25:L25) -> 2400840 | O25: ='2 - Monthly Unit Rates'!M25*'3 - Estimated Volumes'!M25*12 -> 400140 | P25: =SUM(M25:O25) -> 2800980 | R25: ='2 - Monthly Unit Rates'!N25*'3 - Estimated Volumes'!O25*12 -> 400140 | S25: =SUM(P25:R25) -> 3201120
D26: Email and User Data Backups (Exh 4.2 section 3.1.13.1) | E26: ='2 - Monthly Unit Rates'!F26*'3 - Estimated Volumes'!E26*12 -> 0 | F26: ='2 - Monthly Unit Rates'!G26*'3 - Estimated Volumes'!F26*12 -> 0 | G26: ='2 - Monthly Unit Rates'!H26*'3 - Estimated Volumes'!G26*12 -> 0 | H26: ='2 - Monthly Unit Rates'!I26*'3 - Estimated Volumes'!H26*12 -> 0 | I26: ='2 - Monthly Unit Rates'!J26*'3 - Estimated Volumes'!I26*12 -> 0 | J26: =SUM(E26:I26) -> 0 | L26: ='2 - Monthly Unit Rates'!L26*'3 - Estimated Volumes'!K26*12 -> 0 | M26: =SUM(J26:L26) -> 0 | O26: ='2 - Monthly Unit Rates'!M26*'3 - Estimated Volumes'!M26*12 -> 0 | P26: =SUM(M26:O26) -> 0 | R26: ='2 - Monthly Unit Rates'!N26*'3 - Estimated Volumes'!O26*12 -> 0 | S26: =SUM(P26:R26) -> 0
D27: Additional Storage Allocation for Email and User Data Backups (Exh 4.2 section 3.1.13.2) | E27: ='2 - Monthly Unit Rates'!F27*'3 - Estimated Volumes'!E27*12 -> 0 | F27: ='2 - Monthly Unit Rates'!G27*'3 - Estimated Volumes'!F27*12 -> 0 | G27: ='2 - Monthly Unit Rates'!H27*'3 - Estimated Volumes'!G27*12 -> 0 | H27: ='2 - Monthly Unit Rates'!I27*'3 - Estimated Volumes'!H27*12 -> 0 | I27: ='2 - Monthly Unit Rates'!J27*'3 - Estimated Volumes'!I27*12 -> 0 | J27: =SUM(E27:I27) -> 0 | L27: ='2 - Monthly Unit Rates'!L27*'3 - Estimated Volumes'!K27*12 -> 0 | M27: =SUM(J27:L27) -> 0 | O27: ='2 - Monthly Unit Rates'!M27*'3 - Estimated Volumes'!M27*12 -> 0 | P27: =SUM(M27:O27) -> 0 | R27: ='2 - Monthly Unit Rates'!N27*'3 - Estimated Volumes'!O27*12 -> 0 | S27: =SUM(P27:R27) -> 0
D28: Messaging Platform’s DLP, Data Classification, and Data Protection (Exh 4.2 section 3.1.1) | E28: ='2 - Monthly Unit Rates'!F28*'3 - Estimated Volumes'!E28*12 -> 312149.04 | F28: ='2 - Monthly Unit Rates'!G28*'3 - Estimated Volumes'!F28*12 -> 312149.04 | G28: ='2 - Monthly Unit Rates'!H28*'3 - Estimated Volumes'!G28*12 -> 312149.04 | H28: ='2 - Monthly Unit Rates'!I28*'3 - Estimated Volumes'!H28*12 -> 312149.04 | I28: ='2 - Monthly Unit Rates'!J28*'3 - Estimated Volumes'!I28*12 -> 312149.04 | J28: =SUM(E28:I28) -> 1560745.2 | L28: ='2 - Monthly Unit Rates'!L28*'3 - Estimated Volumes'!K28*12 -> 312149.04 | M28: =SUM(J28:L28) -> 1872894.2 | O28: ='2 - Monthly Unit Rates'!M28*'3 - Estimated Volumes'!M28*12 -> 312149.04 | P28: =SUM(M28:O28) -> 2185043.3 | R28: ='2 - Monthly Unit Rates'!N28*'3 - Estimated Volumes'!O28*12 -> 312149.04 | S28: =SUM(P28:R28) -> 2497192.3
D29: Mobile Device Management Basic (Exh 4.2 section 4.1.1) | E29: ='2 - Monthly Unit Rates'!F29*'3 - Estimated Volumes'!E29*12 -> 131863.68 | F29: ='2 - Monthly Unit Rates'!G29*'3 - Estimated Volumes'!F29*12 -> 129327.84 | G29: ='2 - Monthly Unit Rates'!H29*'3 - Estimated Volumes'!G29*12 -> 131863.68 | H29: ='2 - Monthly Unit Rates'!I29*'3 - Estimated Volumes'!H29*12 -> 131018.4 | I29: ='2 - Monthly Unit Rates'!J29*'3 - Estimated Volumes'!I29*12 -> 131018.4 | J29: =SUM(E29:I29) -> 655092 | L29: ='2 - Monthly Unit Rates'!L29*'3 - Estimated Volumes'!K29*12 -> 131018.4 | M29: =SUM(J29:L29) -> 786110.4 | O29: ='2 - Monthly Unit Rates'!M29*'3 - Estimated Volumes'!M29*12 -> 131018.4 | P29: =SUM(M29:O29) -> 917128.8 | R29: ='2 - Monthly Unit Rates'!N29*'3 - Estimated Volumes'!O29*12 -> 131863.68 | S29: =SUM(P29:R29) -> 1048992.5
D30: Mobile Device Management Advanced (Exh 4.2 section 4.1.2) | E30: ='2 - Monthly Unit Rates'!F30*'3 - Estimated Volumes'!E30*12 -> 191264.28 | F30: ='2 - Monthly Unit Rates'!G30*'3 - Estimated Volumes'!F30*12 -> 193599.36 | G30: ='2 - Monthly Unit Rates'!H30*'3 - Estimated Volumes'!G30*12 -> 195934.44 | H30: ='2 - Monthly Unit Rates'!I30*'3 - Estimated Volumes'!H30*12 -> 195934.44 | I30: ='2 - Monthly Unit Rates'!J30*'3 - Estimated Volumes'!I30*12 -> 195934.44 | J30: =SUM(E30:I30) -> 972666.96 | L30: ='2 - Monthly Unit Rates'!L30*'3 - Estimated Volumes'!K30*12 -> 195934.44 | M30: =SUM(J30:L30) -> 1168601.4 | O30: ='2 - Monthly Unit Rates'!M30*'3 - Estimated Volumes'!M30*12 -> 195934.44 | P30: =SUM(M30:O30) -> 1364535.8 | R30: ='2 - Monthly Unit Rates'!N30*'3 - Estimated Volumes'!O30*12 -> 195934.44 | S30: =SUM(P30:R30) -> 1560470.3
D31: Mobile Device Management Premium (Exh 4.2 section 4.1.3) (Suspended) | E31: ='2 - Monthly Unit Rates'!F31*'3 - Estimated Volumes'!E31*12 -> 0 | F31: ='2 - Monthly Unit Rates'!G31*'3 - Estimated Volumes'!F31*12 -> 0 | G31: ='2 - Monthly Unit Rates'!H31*'3 - Estimated Volumes'!G31*12 -> 0 | H31: ='2 - Monthly Unit Rates'!I31*'3 - Estimated Volumes'!H31*12 -> 0 | I31: ='2 - Monthly Unit Rates'!J31*'3 - Estimated Volumes'!I31*12 -> 0 | J31: =SUM(E31:I31) -> 0 | L31: ='2 - Monthly Unit Rates'!L31*'3 - Estimated Volumes'!K31*12 -> 0 | M31: =SUM(J31:L31) -> 0 | O31: ='2 - Monthly Unit Rates'!M31*'3 - Estimated Volumes'!M31*12 -> 0 | P31: =SUM(M31:O31) -> 0 | R31: ='2 - Monthly Unit Rates'!N31*'3 - Estimated Volumes'!O31*12 -> 0 | S31: =SUM(P31:R31) -> 0
D32: Microsoft Support for Google Users (Non-Exchange) Note 5 (Exh 4.2 section 3.1.16)(Suspended 7/1/2023) | E32: ='2 - Monthly Unit Rates'!F32*'3 - Estimated Volumes'!E32*12 -> 288000 | F32: ='2 - Monthly Unit Rates'!G32*'3 - Estimated Volumes'!F32*2 -> 0 | G32: ='2 - Monthly Unit Rates'!H32*'3 - Estimated Volumes'!G32*12 -> 0 | H32: ='2 - Monthly Unit Rates'!I32*'3 - Estimated Volumes'!H32*12 -> 0 | I32: ='2 - Monthly Unit Rates'!J32*'3 - Estimated Volumes'!I32*12 -> 0 | J32: =SUM(E32:I32) -> 288000 | L32: ='2 - Monthly Unit Rates'!L32*'3 - Estimated Volumes'!K32*12 -> 0 | M32: =SUM(J32:L32) -> 288000 | O32: ='2 - Monthly Unit Rates'!M32*'3 - Estimated Volumes'!M32*12 -> 0 | P32: =SUM(M32:O32) -> 288000 | R32: ='2 - Monthly Unit Rates'!N32*'3 - Estimated Volumes'!O32*12 -> 0 | S32: =SUM(P32:R32) -> 288000
D33: Messaging Services Key Management Systems (Optional) NOTE 2 | E33: ='2 - Monthly Unit Rates'!F33*'3 - Estimated Volumes'!E33*12 -> 0 | F33: ='2 - Monthly Unit Rates'!G33*'3 - Estimated Volumes'!F33*12 -> 0 | G33: ='2 - Monthly Unit Rates'!H33*'3 - Estimated Volumes'!G33*12 -> 0 | H33: ='2 - Monthly Unit Rates'!I33*'3 - Estimated Volumes'!H33*12 -> 0 | I33: ='2 - Monthly Unit Rates'!J33*'3 - Estimated Volumes'!I33*12 -> 0 | J33: =SUM(E33:I33) -> 0 | L33: ='2 - Monthly Unit Rates'!L33*'3 - Estimated Volumes'!K33*12 -> 0 | M33: =SUM(J33:L33) -> 0 | O33: ='2 - Monthly Unit Rates'!M33*'3 - Estimated Volumes'!M33*12 -> 0 | P33: =SUM(M33:O33) -> 0 | R33: ='2 - Monthly Unit Rates'!N33*'3 - Estimated Volumes'!O33*12 -> 0 | S33: =SUM(P33:R33) -> 0
D34: Google Cloud Identity License Support for Active Microsoft UsersNote 12 (Exh 4.2 section 3.1.20) | E34: ='2 - Monthly Unit Rates'!F34*'3 - Estimated Volumes'!E34*2 -> 0 | F34: ='2 - Monthly Unit Rates'!G34*'3 - Estimated Volumes'!F34*12 -> 151200 | G34: ='2 - Monthly Unit Rates'!H34*'3 - Estimated Volumes'!G34*12 -> 151200 | H34: ='2 - Monthly Unit Rates'!I34*'3 - Estimated Volumes'!H34*12 -> 151200 | I34: ='2 - Monthly Unit Rates'!J34*'3 - Estimated Volumes'!I34*12 -> 151200 | J34: =SUM(E34:I34) -> 604800 | L34: ='2 - Monthly Unit Rates'!L34*'3 - Estimated Volumes'!K34*12 -> 151200 | M34: =SUM(J34:L34) -> 756000 | O34: ='2 - Monthly Unit Rates'!M34*'3 - Estimated Volumes'!M34*12 -> 151200 | P34: =SUM(M34:O34) -> 907200 | R34: ='2 - Monthly Unit Rates'!N34*'3 - Estimated Volumes'!O34*12 -> 151200 | S34: =SUM(P34:R34) -> 1058400
D35: Subtotal | E35: =SUM(E20:E34) -> 1330620.7 | F35: =SUM(F20:F34) -> 1193620 | G35: =SUM(G20:G34) -> 1198490.9 | H35: =SUM(H20:H34) -> 1197645.6 | I35: =SUM(I20:I34) -> 1197645.6 | J35: =SUM(J20:J34) -> 6118022.8 | L35: =SUM(L20:L34) -> 1197645.6 | M35: =SUM(M20:M34) -> 7315668.4 | O35: =SUM(O20:O34) -> 1197645.6 | P35: =SUM(P20:P34) -> 8513314 | R35: =SUM(R20:R34) -> 1198490.9 | S35: =SUM(S20:S34) -> 9711804.8
C37: TOTAL GOOGLE SERVICES | E37: =E17+E35 -> 7933602.4 | F37: =F17+F35 -> 9205951.9 | G37: =G17+G35 -> 8740285.7 | H37: =H17+H35 -> 8833811 | I37: =I17+I35 -> 8877366.7 | J37: =J17+J35 -> 43591018 | L37: =L17+L35 -> 9177631.4 | M37: =M17+M35 -> 52768649 | O37: =O17+O35 -> 9479855.1 | P37: =P17+P35 -> 62248504 | R37: =R17+R35 -> 9907276.4 | S37: =S17+S35 -> 72155781
B40: MICROSOFT SERVICES PLATFORM
C41: MS Core Services
D42: Messaging Integrated Platform Support (Exh 4.2 section 3.1.7) NOTE 1 | E42: ='2 - Monthly Unit Rates'!F39*'3 - Estimated Volumes'!E38*12 -> 4573346.4 | F42: ='2 - Monthly Unit Rates'!G39*'3 - Estimated Volumes'!F38*3 -> 1173281.1 | G42: ='2 - Monthly Unit Rates'!H39*'3 - Estimated Volumes'!G38*12 -> 0 | H42: ='2 - Monthly Unit Rates'!I39*'3 - Estimated Volumes'!H38*12 -> 0 | I42: ='2 - Monthly Unit Rates'!J39*'3 - Estimated Volumes'!I38*12 -> 0 | J42: =SUM(E42:I42) -> 5746627.5 | L42: ='2 - Monthly Unit Rates'!L39*'3 - Estimated Volumes'!K38*12 -> 0 | M42: =SUM(J42:L42) -> 5746627.5 | O42: ='2 - Monthly Unit Rates'!M39*'3 - Estimated Volumes'!M38*12 -> 0 | P42: =SUM(M42:O42) -> 5746627.5 | R42: ='2 - Monthly Unit Rates'!N39*'3 - Estimated Volumes'!O38*12 -> 0 | S42: =SUM(P42:R42) -> 5746627.5
D43: Messaging Integrated Platform Support (Exh 4.2 section 3.1.7) NOTE 8 | E43: ='2 - Monthly Unit Rates'!F40*'3 - Estimated Volumes'!E39*12 -> 0 | F43: ='2 - Monthly Unit Rates'!G40*'3 - Estimated Volumes'!F39*9 -> 3430009.8 | G43: ='2 - Monthly Unit Rates'!H40*'3 - Estimated Volumes'!G39*12 -> 4693124.5 | H43: ='2 - Monthly Unit Rates'!I40*'3 - Estimated Volumes'!H39*12 -> 4693124.5 | I43: ='2 - Monthly Unit Rates'!J40*'3 - Estimated Volumes'!I39*12 -> 4693124.5 | J43: =SUM(E43:I43) -> 17509383 | L43: ='2 - Monthly Unit Rates'!L40*'3 - Estimated Volumes'!K39*12 -> 4693124.5 | M43: =SUM(J43:L43) -> 22202508 | O43: ='2 - Monthly Unit Rates'!M40*'3 - Estimated Volumes'!M39*12 -> 4693124.5 | P43: =SUM(M43:O43) -> 26895632 | R43: ='2 - Monthly Unit Rates'!N40*'3 - Estimated Volumes'!O39*12 -> 4693124.5 | S43: =SUM(P43:R43) -> 31588757
D44: Archive, eDIscovery and Records Management for Active Users (Exh 4.2 section 3.1.14) | E44: ='2 - Monthly Unit Rates'!F41*'3 - Estimated Volumes'!E40*12 -> 1205060.4 | F44: ='2 - Monthly Unit Rates'!G41*'3 - Estimated Volumes'!F40*5 -> 211729 | G44: ='2 - Monthly Unit Rates'!H41*'3 - Estimated Volumes'!G40*12 -> 508149.6 | H44: ='2 - Monthly Unit Rates'!I41*'3 - Estimated Volumes'!H40*12 -> 508149.6 | I44: ='2 - Monthly Unit Rates'!J41*'3 - Estimated Volumes'!I40*12 -> 508149.6 | J44: =SUM(F44:I44) -> 1736177.8 | L44: ='2 - Monthly Unit Rates'!L41*'3 - Estimated Volumes'!K40*12 -> 546000 | M44: =SUM(J44:L44) -> 2282177.8 | O44: ='2 - Monthly Unit Rates'!M41*'3 - Estimated Volumes'!M40*12 -> 546000 | P44: =SUM(M44:O44) -> 2828177.8 | R44: ='2 - Monthly Unit Rates'!N41*'3 - Estimated Volumes'!O40*12 -> 546000 | S44: =SUM(P44:R44) -> 3374177.8
D45: Archive, eDIscovery and Records Management for Inactive Users (Exh 4.2 section 3.1.17)Note 10 | E45: ='2 - Monthly Unit Rates'!F42*'3 - Estimated Volumes'!E41 -> 0 | F45: ='2 - Monthly Unit Rates'!G42*'3 - Estimated Volumes'!F41*5 -> 147000 | G45: ='2 - Monthly Unit Rates'!H42*'3 - Estimated Volumes'!G41*12 -> 352800 | H45: ='2 - Monthly Unit Rates'!I42*'3 - Estimated Volumes'!H41*12 -> 352800 | I45: ='2 - Monthly Unit Rates'!J42*'3 - Estimated Volumes'!I41*12 -> 352800 | J45: =SUM(F45:I45) -> 1205400 | L45: ='2 - Monthly Unit Rates'!L42*'3 - Estimated Volumes'!K41*12 -> 352800 | M45: =SUM(J45:L45) -> 1558200 | O45: ='2 - Monthly Unit Rates'!M42*'3 - Estimated Volumes'!M41*12 -> 352800 | P45: =SUM(M45:O45) -> 1911000 | R45: ='2 - Monthly Unit Rates'!N42*'3 - Estimated Volumes'!O41*12 -> 352800 | S45: =SUM(P45:R45) -> 2263800
D46: Interim Purview Support for Active Users (Exh 4.2 section 3.1.18)(Replaced with AeRM RU 3.1.14)Note 11 | E46: ='2 - Monthly Unit Rates'!F43*'3 - Estimated Volumes'!E42*12 -> 360000 | F46: ='2 - Monthly Unit Rates'!G43*'3 - Estimated Volumes'!F42*7 -> 317593.5 | G46: 0 | H46: 0 | I46: 0 | J46: =SUM(E46:I46) -> 677593.5 | L46: 0 | M46: =SUM(J46:L46) -> 677593.5 | O46: 0 | P46: =SUM(M46:O46) -> 677593.5 | R46: 0 | S46: =SUM(P46:R46) -> 677593.5
D47: Enterprise Technologies Charge (Exh 4.2 section 3.1.8) | E47: ='2 - Monthly Unit Rates'!F44*'3 - Estimated Volumes'!E43*12 -> 707779.8 | F47: ='2 - Monthly Unit Rates'!G44*'3 - Estimated Volumes'!F43*12 -> 707779.8 | G47: ='2 - Monthly Unit Rates'!H44*'3 - Estimated Volumes'!G43*12 -> 707779.8 | H47: ='2 - Monthly Unit Rates'!I44*'3 - Estimated Volumes'!H43*12 -> 707779.8 | I47: ='2 - Monthly Unit Rates'!J44*'3 - Estimated Volumes'!I43*12 -> 707779.8 | J47: =SUM(E47:I47) -> 3538899 | L47: ='2 - Monthly Unit Rates'!L44*'3 - Estimated Volumes'!K43*12 -> 707779.8 | M47: =SUM(J47:L47) -> 4246678.8 | O47: ='2 - Monthly Unit Rates'!M44*'3 - Estimated Volumes'!M43*12 -> 707779.8 | P47: =SUM(M47:O47) -> 4954458.6 | R47: ='2 - Monthly Unit Rates'!N44*'3 - Estimated Volumes'!O43*12 -> 707779.8 | S47: =SUM(P47:R47) -> 5662238.4
D48: Interoperability Solution Charge (Exh 4.2 section 3.1.9) | E48: ='2 - Monthly Unit Rates'!F45*'3 - Estimated Volumes'!E44*12 -> 28440 | F48: ='2 - Monthly Unit Rates'!G45*'3 - Estimated Volumes'!F44*12 -> 28440 | G48: ='2 - Monthly Unit Rates'!H45*'3 - Estimated Volumes'!G44*12 -> 28440 | H48: ='2 - Monthly Unit Rates'!I45*'3 - Estimated Volumes'!H44*12 -> 28440 | I48: ='2 - Monthly Unit Rates'!J45*'3 - Estimated Volumes'!I44*12 -> 28440 | J48: =SUM(E48:I48) -> 142200 | L48: ='2 - Monthly Unit Rates'!L45*'3 - Estimated Volumes'!K44*12 -> 28440 | M48: =SUM(J48:L48) -> 170640 | O48: ='2 - Monthly Unit Rates'!M45*'3 - Estimated Volumes'!M44*12 -> 28440 | P48: =SUM(M48:O48) -> 199080 | R48: ='2 - Monthly Unit Rates'!N45*'3 - Estimated Volumes'!O44*12 -> 28440 | S48: =SUM(P48:R48) -> 227520
D49: Office 365 GCC Configuration Option 1 with E3 License (Exh 4.2 section 2.1.1) | E49: ='2 - Monthly Unit Rates'!F46*'3 - Estimated Volumes'!E45*12 -> 0 | F49: ='2 - Monthly Unit Rates'!G46*'3 - Estimated Volumes'!F45*12 -> 0 | G49: ='2 - Monthly Unit Rates'!H46*'3 - Estimated Volumes'!G45*12 -> 0 | H49: ='2 - Monthly Unit Rates'!I46*'3 - Estimated Volumes'!H45*12 -> 0 | I49: ='2 - Monthly Unit Rates'!J46*'3 - Estimated Volumes'!I45*12 -> 0 | J49: =SUM(E49:I49) -> 0 | L49: ='2 - Monthly Unit Rates'!L46*'3 - Estimated Volumes'!K45*12 -> 0 | M49: =SUM(J49:L49) -> 0 | O49: ='2 - Monthly Unit Rates'!M46*'3 - Estimated Volumes'!M45*12 -> 0 | P49: =SUM(M49:O49) -> 0 | R49: ='2 - Monthly Unit Rates'!N46*'3 - Estimated Volumes'!O45*12 -> 0 | S49: =SUM(P49:R49) -> 0
D50: Office 365 GCC Configuration Option 2 with E5 License (Exh 4.2 section 2.1.2) | E50: ='2 - Monthly Unit Rates'!F47*'3 - Estimated Volumes'!E46*12 -> 0 | F50: ='2 - Monthly Unit Rates'!G47*'3 - Estimated Volumes'!F46*12 -> 0 | G50: ='2 - Monthly Unit Rates'!H47*'3 - Estimated Volumes'!G46*12 -> 0 | H50: ='2 - Monthly Unit Rates'!I47*'3 - Estimated Volumes'!H46*12 -> 0 | I50: ='2 - Monthly Unit Rates'!J47*'3 - Estimated Volumes'!I46*12 -> 0 | J50: =SUM(E50:I50) -> 0 | L50: ='2 - Monthly Unit Rates'!L47*'3 - Estimated Volumes'!K46*12 -> 0 | M50: =SUM(J50:L50) -> 0 | O50: ='2 - Monthly Unit Rates'!M47*'3 - Estimated Volumes'!M46*12 -> 0 | P50: =SUM(M50:O50) -> 0 | R50: ='2 - Monthly Unit Rates'!N47*'3 - Estimated Volumes'!O46*12 -> 0 | S50: =SUM(P50:R50) -> 0
D51: Subtotal | E51: =SUM(E42+E43+E45+E46+E47+E48+E49+E50) -> 5669566.2 | F51: =SUM(F42:F50) -> 6015833.2 | G51: =SUM(G42:G50) -> 6290293.9 | H51: =SUM(H42:H50) -> 6290293.9 | I51: =SUM(I42:I50) -> 6290293.9 | J51: =SUM(J42:J50) -> 30556281 | L51: =SUM(L42:L50) -> 6328144.3 | M51: =SUM(M42:M50) -> 36884426 | O51: =SUM(O42:O50) -> 6328144.3 | P51: =SUM(P42:P50) -> 43212570 | R51: =SUM(R42:R50) -> 6328144.3 | S51: =SUM(S42:S50) -> 49540714
C53: MS Other Services
D54: Secure Voicemail to Email Integration w/Transcription - O365 (Exh 4.2 section 3.1.10) (Suspended) | E54: ='2 - Monthly Unit Rates'!F50*'3 - Estimated Volumes'!E49*12 -> 2916 | F54: ='2 - Monthly Unit Rates'!G50*'3 - Estimated Volumes'!F49*12 -> 2916 | G54: ='2 - Monthly Unit Rates'!H50*'3 - Estimated Volumes'!G49*12 -> 2916 | H54: ='2 - Monthly Unit Rates'!I50*'3 - Estimated Volumes'!H49*12 -> 2916 | I54: ='2 - Monthly Unit Rates'!J50*'3 - Estimated Volumes'!I49*12 -> 2916 | J54: =SUM(E54:I54) -> 14580 | L54: ='2 - Monthly Unit Rates'!L50*'3 - Estimated Volumes'!K49*12 -> 2916 | M54: =SUM(J54:L54) -> 17496 | O54: ='2 - Monthly Unit Rates'!M50*'3 - Estimated Volumes'!M49*12 -> 2916 | P54: =SUM(M54:O54) -> 20412 | R54: ='2 - Monthly Unit Rates'!N50*'3 - Estimated Volumes'!O49*12 -> 2916 | S54: =SUM(P54:R54) -> 23328
D55: Secure Fax to Email Direct In Dial Per User Charge (Exh 4.2 section 3.1.3) (Suspended) | E55: ='2 - Monthly Unit Rates'!F51*'3 - Estimated Volumes'!E50*12 -> 2079 | F55: ='2 - Monthly Unit Rates'!G51*'3 - Estimated Volumes'!F50*12 -> 2079 | G55: ='2 - Monthly Unit Rates'!H51*'3 - Estimated Volumes'!G50*12 -> 2079 | H55: ='2 - Monthly Unit Rates'!I51*'3 - Estimated Volumes'!H50*12 -> 2079 | I55: ='2 - Monthly Unit Rates'!J51*'3 - Estimated Volumes'!I50*12 -> 2079 | J55: =SUM(E55:I55) -> 10395 | L55: ='2 - Monthly Unit Rates'!L51*'3 - Estimated Volumes'!K50*12 -> 2079 | M55: =SUM(J55:L55) -> 12474 | O55: ='2 - Monthly Unit Rates'!M51*'3 - Estimated Volumes'!M50*12 -> 2079 | P55: =SUM(M55:O55) -> 14553 | R55: ='2 - Monthly Unit Rates'!N51*'3 - Estimated Volumes'!O50*12 -> 2079 | S55: =SUM(P55:R55) -> 16632
D56: Secure Fax to Email Toll Free Per User Charge (Exh 4.2 section 3.1.4) (Suspended) | E56: ='2 - Monthly Unit Rates'!F52*'3 - Estimated Volumes'!E51*12 -> 247.2 | F56: ='2 - Monthly Unit Rates'!G52*'3 - Estimated Volumes'!F51*12 -> 247.2 | G56: ='2 - Monthly Unit Rates'!H52*'3 - Estimated Volumes'!G51*12 -> 247.2 | H56: ='2 - Monthly Unit Rates'!I52*'3 - Estimated Volumes'!H51*12 -> 247.2 | I56: ='2 - Monthly Unit Rates'!J52*'3 - Estimated Volumes'!I51*12 -> 247.2 | J56: =SUM(E56:I56) -> 1236 | L56: ='2 - Monthly Unit Rates'!L52*'3 - Estimated Volumes'!K51*12 -> 247.2 | M56: =SUM(J56:L56) -> 1483.2 | O56: ='2 - Monthly Unit Rates'!M52*'3 - Estimated Volumes'!M51*12 -> 247.2 | P56: =SUM(M56:O56) -> 1730.4 | R56: ='2 - Monthly Unit Rates'!N52*'3 - Estimated Volumes'!O51*12 -> 247.2 | S56: =SUM(P56:R56) -> 1977.6
D57: Secure Fax to Email Fax Per Page Charge (Exh 4.2 section 3.1.5) (Suspended) | E57: ='2 - Monthly Unit Rates'!F53*'3 - Estimated Volumes'!E52*12 -> 360 | F57: ='2 - Monthly Unit Rates'!G53*'3 - Estimated Volumes'!F52*12 -> 360 | G57: ='2 - Monthly Unit Rates'!H53*'3 - Estimated Volumes'!G52*12 -> 360 | H57: ='2 - Monthly Unit Rates'!I53*'3 - Estimated Volumes'!H52*12 -> 360 | I57: ='2 - Monthly Unit Rates'!J53*'3 - Estimated Volumes'!I52*12 -> 360 | J57: =SUM(E57:I57) -> 1800 | L57: ='2 - Monthly Unit Rates'!L53*'3 - Estimated Volumes'!K52*12 -> 360 | M57: =SUM(J57:L57) -> 2160 | O57: ='2 - Monthly Unit Rates'!M53*'3 - Estimated Volumes'!M52*12 -> 360 | P57: =SUM(M57:O57) -> 2520 | R57: ='2 - Monthly Unit Rates'!N53*'3 - Estimated Volumes'!O52*12 -> 360 | S57: =SUM(P57:R57) -> 2880
D58: Secure Fax to Email TLS Security Charge (Exh 4.2 section 3.1.6) (Suspended) | E58: ='2 - Monthly Unit Rates'!F54*'3 - Estimated Volumes'!E53*12 -> 377.52 | F58: ='2 - Monthly Unit Rates'!G54*'3 - Estimated Volumes'!F53*12 -> 377.52 | G58: ='2 - Monthly Unit Rates'!H54*'3 - Estimated Volumes'!G53*12 -> 377.52 | H58: ='2 - Monthly Unit Rates'!I54*'3 - Estimated Volumes'!H53*12 -> 377.52 | I58: ='2 - Monthly Unit Rates'!J54*'3 - Estimated Volumes'!I53*12 -> 377.52 | J58: =SUM(E58:I58) -> 1887.6 | L58: ='2 - Monthly Unit Rates'!L54*'3 - Estimated Volumes'!K53*12 -> 377.52 | M58: =SUM(J58:L58) -> 2265.12 | O58: ='2 - Monthly Unit Rates'!M54*'3 - Estimated Volumes'!M53*12 -> 377.52 | P58: =SUM(M58:O58) -> 2642.64 | R58: ='2 - Monthly Unit Rates'!N54*'3 - Estimated Volumes'!O53*12 -> 377.52 | S58: =SUM(P58:R58) -> 3020.16
D59: End to End Encryption for Email and Data (Exh 4.2 section 3.1.12) NOTE 7 | E59: ='2 - Monthly Unit Rates'!F55*'3 - Estimated Volumes'!E54*12 -> 400140 | F59: ='2 - Monthly Unit Rates'!G55*'3 - Estimated Volumes'!F54*12 -> 400140 | G59: ='2 - Monthly Unit Rates'!H55*'3 - Estimated Volumes'!G54*12 -> 400140 | H59: ='2 - Monthly Unit Rates'!I55*'3 - Estimated Volumes'!H54*12 -> 400140 | I59: ='2 - Monthly Unit Rates'!J55*'3 - Estimated Volumes'!I54*12 -> 400140 | J59: =SUM(E59:I59) -> 2000700 | L59: ='2 - Monthly Unit Rates'!L55*'3 - Estimated Volumes'!K54*12 -> 400140 | M59: =SUM(J59:L59) -> 2400840 | O59: ='2 - Monthly Unit Rates'!M55*'3 - Estimated Volumes'!M54*12 -> 400140 | P59: =SUM(M59:O59) -> 2800980 | R59: ='2 - Monthly Unit Rates'!N55*'3 - Estimated Volumes'!O54*12 -> 400140 | S59: =SUM(P59:R59) -> 3201120
D60: Email and User Data Backups (Exh 4.2 section 3.1.13.1) | E60: ='2 - Monthly Unit Rates'!F56*'3 - Estimated Volumes'!E55*12 -> 0 | F60: ='2 - Monthly Unit Rates'!G56*'3 - Estimated Volumes'!F55*12 -> 0 | G60: ='2 - Monthly Unit Rates'!H56*'3 - Estimated Volumes'!G55*12 -> 0 | H60: ='2 - Monthly Unit Rates'!I56*'3 - Estimated Volumes'!H55*12 -> 0 | I60: ='2 - Monthly Unit Rates'!J56*'3 - Estimated Volumes'!I55*12 -> 0 | J60: =SUM(E60:I60) -> 0 | L60: ='2 - Monthly Unit Rates'!L56*'3 - Estimated Volumes'!K55*12 -> 0 | M60: =SUM(J60:L60) -> 0 | O60: ='2 - Monthly Unit Rates'!M56*'3 - Estimated Volumes'!M55*12 -> 0 | P60: =SUM(M60:O60) -> 0 | R60: ='2 - Monthly Unit Rates'!N56*'3 - Estimated Volumes'!O55*12 -> 0 | S60: =SUM(P60:R60) -> 0
D61: Additional Storage Allocation for Email and User Data Backups (Exh 4.2 section 3.1.13.2) | E61: ='2 - Monthly Unit Rates'!F57*'3 - Estimated Volumes'!E56*12 -> 0 | F61: ='2 - Monthly Unit Rates'!G57*'3 - Estimated Volumes'!F56*12 -> 0 | G61: ='2 - Monthly Unit Rates'!H57*'3 - Estimated Volumes'!G56*12 -> 0 | H61: ='2 - Monthly Unit Rates'!I57*'3 - Estimated Volumes'!H56*12 -> 0 | I61: ='2 - Monthly Unit Rates'!J57*'3 - Estimated Volumes'!I56*12 -> 0 | J61: =SUM(E61:I61) -> 0 | L61: ='2 - Monthly Unit Rates'!L57*'3 - Estimated Volumes'!K56*12 -> 0 | M61: =SUM(J61:L61) -> 0 | O61: ='2 - Monthly Unit Rates'!M57*'3 - Estimated Volumes'!M56*12 -> 0 | P61: =SUM(M61:O61) -> 0 | R61: ='2 - Monthly Unit Rates'!N57*'3 - Estimated Volumes'!O56*12 -> 0 | S61: =SUM(P61:R61) -> 0
D62: Messaging Platform’s DLP, Data Classification, and Data Protection (Exh 4.2 section 3.1.1) | E62: ='2 - Monthly Unit Rates'!F58*'3 - Estimated Volumes'!E57*12 -> 312149.04 | F62: ='2 - Monthly Unit Rates'!G58*'3 - Estimated Volumes'!F57*12 -> 312149.04 | G62: ='2 - Monthly Unit Rates'!H58*'3 - Estimated Volumes'!G57*12 -> 312149.04 | H62: ='2 - Monthly Unit Rates'!I58*'3 - Estimated Volumes'!H57*12 -> 312149.04 | I62: ='2 - Monthly Unit Rates'!J58*'3 - Estimated Volumes'!I57*12 -> 312149.04 | J62: =SUM(E62:I62) -> 1560745.2 | L62: ='2 - Monthly Unit Rates'!L58*'3 - Estimated Volumes'!K57*12 -> 312149.04 | M62: =SUM(J62:L62) -> 1872894.2 | O62: ='2 - Monthly Unit Rates'!M58*'3 - Estimated Volumes'!M57*12 -> 312149.04 | P62: =SUM(M62:O62) -> 2185043.3 | R62: ='2 - Monthly Unit Rates'!N58*'3 - Estimated Volumes'!O57*12 -> 312149.04 | S62: =SUM(P62:R62) -> 2497192.3
D63: Mobile Device Management Basic (Exh 4.2 section 4.1.1) | E63: ='2 - Monthly Unit Rates'!F59*'3 - Estimated Volumes'!E58*12 -> 131863.68 | F63: ='2 - Monthly Unit Rates'!G59*'3 - Estimated Volumes'!F58*12 -> 129327.84 | G63: ='2 - Monthly Unit Rates'!H59*'3 - Estimated Volumes'!G58*12 -> 131863.68 | H63: ='2 - Monthly Unit Rates'!I59*'3 - Estimated Volumes'!H58*12 -> 131018.4 | I63: ='2 - Monthly Unit Rates'!J59*'3 - Estimated Volumes'!I58*12 -> 131018.4 | J63: =SUM(E63:I63) -> 655092 | L63: ='2 - Monthly Unit Rates'!L59*'3 - Estimated Volumes'!K58*12 -> 131018.4 | M63: =SUM(J63:L63) -> 786110.4 | O63: ='2 - Monthly Unit Rates'!M59*'3 - Estimated Volumes'!M58*12 -> 131018.4 | P63: =SUM(M63:O63) -> 917128.8 | R63: ='2 - Monthly Unit Rates'!N59*'3 - Estimated Volumes'!O58*12 -> 131863.68 | S63: =SUM(P63:R63) -> 1048992.5
D64: Mobile Device Management Advanced (Exh 4.2 section 4.1.2) | E64: ='2 - Monthly Unit Rates'!F60*'3 - Estimated Volumes'!E59*12 -> 191264.28 | F64: ='2 - Monthly Unit Rates'!G60*'3 - Estimated Volumes'!F59*12 -> 193599.36 | G64: ='2 - Monthly Unit Rates'!H60*'3 - Estimated Volumes'!G59*12 -> 195934.44 | H64: ='2 - Monthly Unit Rates'!I60*'3 - Estimated Volumes'!H59*12 -> 195934.44 | I64: ='2 - Monthly Unit Rates'!J60*'3 - Estimated Volumes'!I59*12 -> 195934.44 | J64: =SUM(E64:I64) -> 972666.96 | L64: ='2 - Monthly Unit Rates'!L60*'3 - Estimated Volumes'!K59*12 -> 195934.44 | M64: =SUM(J64:L64) -> 1168601.4 | O64: ='2 - Monthly Unit Rates'!M60*'3 - Estimated Volumes'!M59*12 -> 195934.44 | P64: =SUM(M64:O64) -> 1364535.8 | R64: ='2 - Monthly Unit Rates'!N60*'3 - Estimated Volumes'!O59*12 -> 195934.44 | S64: =SUM(P64:R64) -> 1560470.3
D65: Mobile Device Management Premium (Exh 4.2 section 4.1.3) (Suspended) | E65: ='2 - Monthly Unit Rates'!F61*'3 - Estimated Volumes'!E60*12 -> 0 | F65: ='2 - Monthly Unit Rates'!G61*'3 - Estimated Volumes'!F60*12 -> 0 | G65: ='2 - Monthly Unit Rates'!H61*'3 - Estimated Volumes'!G60*12 -> 0 | H65: ='2 - Monthly Unit Rates'!I61*'3 - Estimated Volumes'!H60*12 -> 0 | I65: ='2 - Monthly Unit Rates'!J61*'3 - Estimated Volumes'!I60*12 -> 0 | J65: =SUM(E65:I65) -> 0 | L65: ='2 - Monthly Unit Rates'!L61*'3 - Estimated Volumes'!K60*12 -> 0 | M65: =SUM(J65:L65) -> 0 | O65: ='2 - Monthly Unit Rates'!M61*'3 - Estimated Volumes'!M60*12 -> 0 | P65: =SUM(M65:O65) -> 0 | R65: ='2 - Monthly Unit Rates'!N61*'3 - Estimated Volumes'!O60*12 -> 0 | S65: =SUM(P65:R65) -> 0
D66: Messaging Services Key Management Systems (Optional) NOTE 2 | L66: ='2 - Monthly Unit Rates'!L62*'3 - Estimated Volumes'!K61*12 -> 0 | M66: =SUM(J66:L66) -> 0 | O66: ='2 - Monthly Unit Rates'!M62*'3 - Estimated Volumes'!M61*12 -> 0 | P66: =SUM(M66:O66) -> 0 | R66: ='2 - Monthly Unit Rates'!N62*'3 - Estimated Volumes'!O61*12 -> 0 | S66: =SUM(P66:R66) -> 0
D67: Teams Voice Enterprise Service - Support Tier 1 (Exh 4.2 section 3.1.20) NOTE 13 | E67: ='2 - Monthly Unit Rates'!F63*'3 - Estimated Volumes'!E62*12 -> 0 | F67: ='2 - Monthly Unit Rates'!G63*'3 - Estimated Volumes'!F62*1 -> 16499 | G67: ='2 - Monthly Unit Rates'!H63*'3 - Estimated Volumes'!G62*1 -> 0 | H67: ='2 - Monthly Unit Rates'!I63*'3 - Estimated Volumes'!H62*1 -> 0 | I67: ='2 - Monthly Unit Rates'!J63*'3 - Estimated Volumes'!I62*1 -> 0 | J67: =SUM(E67:I67) -> 16499 | L67: ='2 - Monthly Unit Rates'!L63*'3 - Estimated Volumes'!K62*12 -> 0 | M67: =SUM(J67:L67) -> 16499 | O67: ='2 - Monthly Unit Rates'!M63*'3 - Estimated Volumes'!M62*12 -> 0 | P67: =SUM(M67:O67) -> 16499 | R67: ='2 - Monthly Unit Rates'!N63*'3 - Estimated Volumes'!O62*12 -> 0 | S67: =SUM(P67:R67) -> 16499
D68: Teams Voice Enterprise Service - Support Tier 2 (Exh 4.2 section 3.1.21) NOTE 13 | E68: ='2 - Monthly Unit Rates'!F64*'3 - Estimated Volumes'!E63*12 -> 0 | F68: ='2 - Monthly Unit Rates'!G64*'3 - Estimated Volumes'!F63*1 -> 0 | G68: ='2 - Monthly Unit Rates'!H64*'3 - Estimated Volumes'!G63*12 -> 392400 | H68: ='2 - Monthly Unit Rates'!I64*'3 - Estimated Volumes'!H63*12 -> 0 | I68: ='2 - Monthly Unit Rates'!J64*'3 - Estimated Volumes'!I63*12 -> 0 | J68: =SUM(E68:I68) -> 392400 | L68: ='2 - Monthly Unit Rates'!L64*'3 - Estimated Volumes'!K63*12 -> 0 | M68: =SUM(J68:L68) -> 392400 | O68: ='2 - Monthly Unit Rates'!M64*'3 - Estimated Volumes'!M63*12 -> 0 | P68: =SUM(M68:O68) -> 392400 | R68: ='2 - Monthly Unit Rates'!N64*'3 - Estimated Volumes'!O63*12 -> 0 | S68: =SUM(P68:R68) -> 392400
D69: Teams Voice Enterprise Service - Support Tier 3 (Exh 4.2 section 3.1.22) NOTE 13 | E69: ='2 - Monthly Unit Rates'!F65*'3 - Estimated Volumes'!E64*12 -> 0 | F69: ='2 - Monthly Unit Rates'!G65*'3 - Estimated Volumes'!F64*1 -> 0 | G69: ='2 - Monthly Unit Rates'!H65*'3 - Estimated Volumes'!G64*12 -> 0 | H69: ='2 - Monthly Unit Rates'!I65*'3 - Estimated Volumes'!H64*12 -> 760800 | I69: ='2 - Monthly Unit Rates'!J65*'3 - Estimated Volumes'!I64*12 -> 760800 | J69: =SUM(E69:I69) -> 1521600 | L69: ='2 - Monthly Unit Rates'!L65*'3 - Estimated Volumes'!K64*12 -> 760800 | M69: =SUM(J69:L69) -> 2282400 | O69: ='2 - Monthly Unit Rates'!M65*'3 - Estimated Volumes'!M64*12 -> 760800 | P69: =SUM(M69:O69) -> 3043200 | R69: ='2 - Monthly Unit Rates'!N65*'3 - Estimated Volumes'!O64*12 -> 760800 | S69: =SUM(P69:R69) -> 3804000
D70: Teams Voice Enterprise Service - Support Tier 4 (Exh 4.2 section 3.1.23) NOTE 13 | E70: ='2 - Monthly Unit Rates'!F66*'3 - Estimated Volumes'!E65*12 -> 0 | F70: ='2 - Monthly Unit Rates'!G66*'3 - Estimated Volumes'!F65*1 -> 0 | G70: ='2 - Monthly Unit Rates'!H66*'3 - Estimated Volumes'!G65*12 -> 0 | H70: ='2 - Monthly Unit Rates'!I66*'3 - Estimated Volumes'!H65*12 -> 0 | I70: ='2 - Monthly Unit Rates'!J66*'3 - Estimated Volumes'!I65*12 -> 0 | J70: =SUM(E70:I70) -> 0 | L70: ='2 - Monthly Unit Rates'!L66*'3 - Estimated Volumes'!K65*12 -> 0 | M70: =SUM(J70:L70) -> 0 | O70: ='2 - Monthly Unit Rates'!M66*'3 - Estimated Volumes'!M65*12 -> 0 | P70: =SUM(M70:O70) -> 0 | R70: ='2 - Monthly Unit Rates'!N66*'3 - Estimated Volumes'!O65*12 -> 0 | S70: =SUM(P70:R70) -> 0
D71: Teams Voice Enterprise Service - Support Tier 5 (Exh 4.2 section 3.1.24) NOTE 13 | E71: ='2 - Monthly Unit Rates'!F67*'3 - Estimated Volumes'!E66*12 -> 0 | F71: ='2 - Monthly Unit Rates'!G67*'3 - Estimated Volumes'!F66*1 -> 0 | G71: ='2 - Monthly Unit Rates'!H67*'3 - Estimated Volumes'!G66*12 -> 0 | H71: ='2 - Monthly Unit Rates'!I67*'3 - Estimated Volumes'!H66*12 -> 0 | I71: ='2 - Monthly Unit Rates'!J67*'3 - Estimated Volumes'!I66*12 -> 0 | J71: =SUM(E71:I71) -> 0 | L71: ='2 - Monthly Unit Rates'!L67*'3 - Estimated Volumes'!K66*12 -> 0 | M71: =SUM(J71:L71) -> 0 | O71: ='2 - Monthly Unit Rates'!M67*'3 - Estimated Volumes'!M66*12 -> 0 | P71: =SUM(M71:O71) -> 0 | R71: ='2 - Monthly Unit Rates'!N67*'3 - Estimated Volumes'!O66*12 -> 0 | S71: =SUM(P71:R71) -> 0
D72: ShareGate Governance Service Support | E72: ='2 - Monthly Unit Rates'!F68*'3 - Estimated Volumes'!E67*12 -> 0 | F72: ='2 - Monthly Unit Rates'!G68*'3 - Estimated Volumes'!F67*1 -> 0 | G72: ='2 - Monthly Unit Rates'!H68*'3 - Estimated Volumes'!G67*10 -> 198000 | H72: ='2 - Monthly Unit Rates'!I68*'3 - Estimated Volumes'!H67*12 -> 237600 | I72: ='2 - Monthly Unit Rates'!J68*'3 - Estimated Volumes'!I67*12 -> 237600 | J72: =SUM(E72:I72) -> 673200 | L72: ='2 - Monthly Unit Rates'!L68*'3 - Estimated Volumes'!K67*12 -> 237600 | M72: =SUM(J72+L72) -> 910800 | O72: ='2 - Monthly Unit Rates'!M68*'3 - Estimated Volumes'!M67*12 -> 237600 | P72: =SUM(M72+O72) -> 1148400 | R72: ='2 - Monthly Unit Rates'!N68*'3 - Estimated Volumes'!O67*12 -> 237600 | S72: =SUM(P72+R72) -> 1386000
D73: Subtotal | E73: =SUM(E54:E72) -> 1041396.7 | F73: =SUM(F54:F72) -> 1057695 | G73: =SUM(G54:G72) -> 1636466.9 | H73: =SUM(H54:H72) -> 2043621.6 | I73: =SUM(I54:I72) -> 2043621.6 | J73: =SUM(J54:J72) -> 7822801.8 | L73: =SUM(L54:L72) -> 2043621.6 | M73: =SUM(M54:M72) -> 9866423.4 | O73: =SUM(O54:O72) -> 2043621.6 | P73: =SUM(P54:P72) -> 11910045 | R73: =SUM(R54:R72) -> 2044466.9 | S73: =SUM(S54:S72) -> 13954512
C75: TOTAL MICROSOFT SERVICES NOTE 6 | E75: =E51+E73 -> 6710962.9 | F75: =F51+F73 -> 7073528.2 | G75: =G51+G73 -> 7926760.8 | H75: =H51+H73 -> 8333915.5 | I75: =I51+I73 -> 8333915.5 | J75: =J51+J73 -> 38379083 | L75: =L51+L73 -> 8371765.9 | M75: =M51+M73 -> 46750849 | O75: =O51+O73 -> 8371765.9 | P75: =P51+P73 -> 55122615 | R75: =R51+R73 -> 8372611.2 | S75: =S51+S73 -> 63495226
C77: Combined Services
D78: Archive, eDIscovery and Records Management for Inactive users (Exh 4.2 section 3.1.17) (Suspended) | E78: ='2 - Monthly Unit Rates'!F71*'3 - Estimated Volumes'!E70*12 -> 0 | F78: ='2 - Monthly Unit Rates'!G71*'3 - Estimated Volumes'!F70*12 -> 0 | G78: ='2 - Monthly Unit Rates'!H71*'3 - Estimated Volumes'!G70*12 -> 0 | H78: ='2 - Monthly Unit Rates'!I71*'3 - Estimated Volumes'!H70*12 -> 0 | I78: ='2 - Monthly Unit Rates'!J71*'3 - Estimated Volumes'!I70*12 -> 0 | J78: =SUM(E78:I78) -> 0 | L78: ='2 - Monthly Unit Rates'!L71*'3 - Estimated Volumes'!K70*12 -> 0 | M78: =SUM(J78:L78) -> 0 | O78: ='2 - Monthly Unit Rates'!M71*'3 - Estimated Volumes'!M70*12 -> 0 | P78: =SUM(M78:O78) -> 0 | R78: ='2 - Monthly Unit Rates'!N71*'3 - Estimated Volumes'!O70*12 -> 0 | S78: =SUM(P78:R78) -> 0
D79: LISTSERV Email Distribution Lists (Exh 4.2 section 3.1.2) | E79: ='2 - Monthly Unit Rates'!F72*'3 - Estimated Volumes'!E71*12 -> 4758.12 | F79: ='2 - Monthly Unit Rates'!G72*'3 - Estimated Volumes'!F71*12 -> 4758.12 | G79: ='2 - Monthly Unit Rates'!H72*'3 - Estimated Volumes'!G71*12 -> 4758.12 | H79: ='2 - Monthly Unit Rates'!I72*'3 - Estimated Volumes'!H71*12 -> 4758.12 | I79: ='2 - Monthly Unit Rates'!J72*'3 - Estimated Volumes'!I71*12 -> 4758.12 | J79: =SUM(E79:I79) -> 23790.6 | L79: ='2 - Monthly Unit Rates'!L72*'3 - Estimated Volumes'!K71*12 -> 4758.12 | M79: =SUM(J79:L79) -> 28548.72 | O79: ='2 - Monthly Unit Rates'!M72*'3 - Estimated Volumes'!M71*12 -> 4758.12 | P79: =SUM(M79:O79) -> 33306.84 | R79: ='2 - Monthly Unit Rates'!N72*'3 - Estimated Volumes'!O71*12 -> 4758.12 | S79: =SUM(P79:R79) -> 38064.96
B81: GRAND TOTAL CHARGES | E81: =E75+E37+E78+E79 -> 14649323 | F81: =F75+F37+F78+F79 -> 16284238 | G81: =G75+G37+G78+G79 -> 16671805 | H81: =H75+H37+H78+H79 -> 17172485 | I81: =I75+I37+I78+I79 -> 17216040 | J81: =J75+J37+J78+J79 -> 81993891 | L81: =L75+L37+L78+L79 -> 17554155 | M81: =M75+M37+M78+M79 -> 99548047 | O81: =O75+O37+O78+O79 -> 17856379 | P81: =P75+P37+P78+P79 -> 1.1740443e+08 | R81: =R75+R37+R78+R79 -> 18284646 | S81: =S75+S37+S78+S79 -> 1.3568907e+08
D83: NOTE 1: Messaging Integrated Platform Support charges above includes the estimated costs for on premise Hardware and support costs. This RU will be effective until Sept 30, 2023.
D84: NOTE 2: Key Management Systems (KMS) is an optional selection and is an enterprise solution. If selected, the pricing represents the monthly charge per platform, and monthly volume would be "1" per month per platform.
D85: NOTE 3: Volumes for Google Workspace Enterprise Standard are annual averages and estimated based upon the current volume and timing of migrations to Microsoft, as detailed on 2A - Google License Monthly tab. Google enterprise licenses above includes estimated 15 licenses for UAT, subject to validation during due diligence.
D86: NOTE 4: Based upon the current timelines of Google Workspace license renewals, licenses renew each July during the corresponding contract year. In the final year of the Contract, Google licenses will be purchased for a 7 month term beginning July 1 through January 31, to expire with all other licenses on the Contract.
D87: NOTE 5: Microsoft Support for Google Users (Non-Exchange) is optional and is for the support of Google Users who want Microsoft services (Teams (excluding Exchange), SharePoint, OneDrive).
D88: NOTE 6: All charges for NTT’s use of Microsoft Unified Support services through VITA’s agreement with Microsoft for such services as described in Section 6.0 of Exhibit 2.3.2 (Solution - Cross-Functional), will be deducted as a credit against NTT’s monthly invoice to VITA, for the entirety of the period in which the services were utilized. Credits will be clearly identified on invoices as “Microsoft Unified Support – Usage of VITA Agreement”. This arrangement is until such time NTT DATA potentially assumes the Microsoft Unified Support Services agreement
D89: Note 7: Virtru encryption is not applicable to OneDrive. Refer Section 5.2 in Exhibit 2.3.1
D91: Note 8: This RU will be effective until Sept 30, 2023.
D92: Note 9: This RU will be effective on Oct. 1, 2023
D93: Note 10: This RU will be used for Microsoft Inactive Accounts. An inactive account is an account that was previously active and whose data is required to be retained in Microsoft. Actual inactive user counts will be determined using an approved process to be established before service implementation.
D94: Note 11: This RU will be retired when AeRM Service goes into operation.
D95: Note 12: This RU will be for each Active Microsoft user account with a Cloud Identitiy License and has a minimum commitment of 60,000. Additional accounts, if any, will be calulcated monthly based on the actual G5 active user accounts. This RU will be invoiced to VITA retroactively starting July 2023.
... D97: Note 14: Quantities provided here are estimates only. Monthly quantity will be based on actual G5 active user accounts

Sheet 2 - Monthly Unit Rates
B2: Monthly Unit Rates ($)
L5: Renewal Option 1 | M5: Renewal Option 2 | N5: Renewal Option 3
B6: Resource Description | E6: Unit of Measure | F6: Contract Year 1 | G6: Contract Year 2 | H6: Contract Year 3 | I6: Contract Year 4 | J6: Contract Year 5 | L6: Contract Year 6 | M6: Contract Year 7 | N6: Contract Year 8
B7: GOOGLE SERVICES PLATFORM
C8: Core Services
D9: Messaging Integrated Platform Support (Exh 4.2 section 3.1.7) NOTE 1,8 | E9: Per user | F9: 12.6 | G9: 12.93 | H9: 0 | I9: 0 | J9: 0 | L9: 0 | M9: 0 | N9: 0
D10: Messaging Integrated Platform Support (Exh 4.2 section 3.1.7) NOTE 9 | E10: Per user | F10: 0 | G10: 12.6 | H10: 12.93 | I10: 12.93 | J10: 12.93 | L10: 12.93 | M10: 12.93 | N10: 12.93
D11: Archive, eDIscovery and Records Management for Active Users (Exh 4.2 section 3.1.14) NOTE 3 (Suspended) | E11: Per user | F11: 0 | G11: 0 | H11: 0 | I11: 0 | J11: 0 | L11: 0 | M11: 0 | N11: 0
D12: Enterprise Technologies Charge (Exh 4.2 section 3.1.8) NOTE 3 | E12: Per user | F12: 1.95 | G12: 1.95 | H12: 1.95 | I12: 1.95 | J12: 1.95 | L12: 1.95 | M12: 1.95 | N12: 1.95
D13: Interoperability Solution Charge (Exh 4.2 section 3.1.9) NOTE 3 | E13: Per user | F13: 1.58 | G13: 1.58 | H13: 1.58 | I13: 1.58 | J13: 1.58 | L13: 1.58 | M13: 1.58 | N13: 1.58
D14: G Suite Vault Archive User License | E14: Per license (Exh 4.0 section 2.7) | F14: 0 | G14: 0 | H14: 0 | I14: 0 | J14: 0 | L14: 0 | M14: 0 | N14: 0
D15: Google Workspace Enterprise Standard License (Exh 4.2 section 2.2.1) | E15: Per license (Exh 4.0 section 2.7) | F15: 5.7 | G15: 5.7 | H15: 5.82 | I15: 6.08 | J15: 6.2 | L15: 7.0272575 | M15: 7.8599121 | N15: 9.0351693
D16: Google Workspace Enterprise Plus License (Exh 4.2 section 2.2.2) | E16: Per license (Exh 4.0 section 2.7) | F16: 6.67 | G16: 6.67 | H16: 7.08 | I16: 7.91 | J16: 7.91 | L16: 9.1600675 | M16: 10.408182 | N16: 12.157624
C19: Other Services
D20: Secure Voicemail to Email Integration w/Transcription - G Suite (Exh 4.2 section 3.1.11) | E20: Per license (Exh 4.0 section 2.7) | F20: 2.3 | G20: 2.3 | H20: 2.3 | I20: 2.3 | J20: 2.3 | L20: 2.3 | M20: 2.3 | N20: 2.3
D21: Secure Fax to Email Direct In Dial Per User Charge (Exh 4.2 section 3.1.3)(Suspended) | E21: Per user | F21: 3.15 | G21: 3.15 | H21: 3.15 | I21: 3.15 | J21: 3.15 | L21: 3.15 | M21: 3.15 | N21: 3.15
D22: Secure Fax to Email Toll Free Per User Charge (Exh 4.2 section 3.1.4)(Suspended) | E22: Per user | F22: 4.12 | G22: 4.12 | H22: 4.12 | I22: 4.12 | J22: 4.12 | L22: 4.12 | M22: 4.12 | N22: 4.12
D23: Secure Fax to Email Fax Per Page Charge (Exh 4.2 section 3.1.5)(Suspended) | E23: Per page of fax received | F23: 0.05 | G23: 0.05 | H23: 0.05 | I23: 0.05 | J23: 0.05 | L23: 0.05 | M23: 0.05 | N23: 0.05
D24: Secure Fax to Email TLS Security Charge (Exh 4.2 section 3.1.6)(Suspended) | E24: Per user | F24: 62.92 | G24: 62.92 | H24: 62.92 | I24: 62.92 | J24: 62.92 | L24: 62.92 | M24: 62.92 | N24: 62.92
D25: End to End Encryption for Email and Data (Exh 4.2 section 3.1.12) NOTE 3 | E25: Per license (Exh 4.0 section 2.7) | F25: 2.47 | G25: 2.47 | H25: 2.47 | I25: 2.47 | J25: 2.47 | L25: 2.47 | M25: 2.47 | N25: 2.47
D26: Email and User Data Backups (Exh 4.2 section 3.1.13.1)Note 3 | E26: Per license (Exh 4.0 section 2.7) | F26: 1.15 | G26: 1.15 | H26: 1.15 | I26: 1.15 | J26: 1.15 | L26: 1.15 | M26: 1.15 | N26: 1.15
D27: Additional Storage Allocation for Email and User Data Backups (Exh 4.2 section 3.1.13.2) | E27: Per 1 TB of storage expansion | F27: 86.6 | G27: 86.6 | H27: 86.6 | I27: 86.6 | J27: 86.6 | L27: 86.6 | M27: 86.6 | N27: 86.6
D28: Messaging Platform’s DLP, Data Classification, and Data Protection (Exh 4.2 section 3.1.1) NOTE 3 | E28: Per user | F28: 0.86 | G28: 0.86 | H28: 0.86 | I28: 0.86 | J28: 0.86 | L28: 0.86 | M28: 0.86 | N28: 0.86
D29: Mobile Device Management Basic (Exh 4.2 section 4.1.1) | E29: Per device | F29: 1.56 | G29: 1.53 | H29: 1.56 | I29: 1.55 | J29: 1.55 | L29: 1.55 | M29: 1.55 | N29: 1.56
D30: Mobile Device Management Advanced (Exh 4.2 section 4.1.2) | E30: Per license (Exh 4.0 section 2.7) | F30: 9.01 | G30: 9.12 | H30: 9.23 | I30: 9.23 | J30: 9.23 | L30: 9.23 | M30: 9.23 | N30: 9.23
D31: Mobile Device Management Premium (Exh 4.2 section 4.1.3)(Suspended) | E31: Per license (Exh 4.0 section 2.7) | F31: 14.23 | G31: 14.53 | H31: 14.84 | I31: 14.84 | J31: 14.84 | L31: 14.84 | M31: 14.84 | N31: 14.84
... D34: Google Cloud Identity License Support for Active Microsoft UsersNote 12 | E34: Per Active Microsoft User | F34: 0 | G34: 0.21 | H34: 0.21 | I34: 0.21 | J34: 0.21 | L34: 0.21 | M34: 0.21 | N34: 0.21
B37: MICROSOFT SERVICES PLATFORM
C38: MS Core Services
D39: Messaging Integrated Platform Support (Exh 4.2 section 3.1.7) NOTE 1 | E39: Per user | F39: 12.6 | G39: 12.93 | H39: 0 | I39: 0 | J39: 0 | L39: 0 | M39: 0 | N39: 0
D40: Messaging Integrated Platform Support (Exh 4.2 section 3.1.7) NOTE 5 | E40: Per user | F40: 0 | G40: 12.6 | H40: 12.93 | I40: 12.93 | J40: 12.93 | L40: 12.93 | M40: 12.93 | N40: 12.93
D41: Archive, eDIscovery and Records Management for Active Users (Exh 4.2 section 3.1.14) NOTE 3 | E41: Per user | F41: 4.15 | G41: 0.7 | H41: 0.7 | I41: 0.7 | J41: 0.7 | L41: 0.7 | M41: 0.7 | N41: 0.7
D42: Archive, eDIscovery and Records Management for Inactive Users (Exh 4.2 section 3.1.17) NOTE 10 | E42: Per user | F42: 0 | G42: 0.7 | H42: 0.7 | I42: 0.7 | J42: 0.7 | L42: 0.7 | M42: 0.7 | N42: 0.7
D43: Interim Purview Support for Active Users (Exh 4.2 section 3.1.18) (Replaced with AeRM RU 3.1.14)Note 11 | E43: Per Active User | F43: 0.75 | G43: 0.75 | H43: 0 | I43: 0 | J43: 0 | L43: 0 | M43: 0 | N43: 0
D44: Enterprise Technologies Charge (Exh 4.2 section 3.1.8) NOTE 3 | E44: Per user | F44: 1.95 | G44: 1.95 | H44: 1.95 | I44: 1.95 | J44: 1.95 | L44: 1.95 | M44: 1.95 | N44: 1.95
D45: Interoperability Solution Charge (Exh 4.2 section 3.1.9) NOTE 3 | E45: Per user | F45: 1.58 | G45: 1.58 | H45: 1.58 | I45: 1.58 | J45: 1.58 | L45: 1.58 | M45: 1.58 | N45: 1.58
D46: Office 365 GCC Configuration Option 1 with E3 License (Exh 4.2 section 2.1.1) | E46: Per license (Exh 4.0 section 2.7) | F46: 19.74 | G46: 19.74 | H46: 19.74 | I46: 19.74 | J46: 19.74 | L46: 19.74 | M46: 19.74 | N46: 19.74
D47: Office 365 GCC Configuration Option 2 with E5 License (Exh 4.2 section 2.1.2) | E47: Per license (Exh 4.0 section 2.7) | F47: 0 | G47: 0 | H47: 0 | I47: 0 | J47: 0 | L47: 0 | M47: 0 | N47: 0
C49: MS Other Services
D50: Secure Voicemail to Email Integration w/Transcription - O365 (Exh 4.2 section 3.1.10) (Suspended) | E50: Per license (Exh 4.0 section 2.7) | F50: 1.62 | G50: 1.62 | H50: 1.62 | I50: 1.62 | J50: 1.62 | L50: 1.62 | M50: 1.62 | N50: 1.62
D51: Secure Fax to Email Direct In Dial Per User Charge (Exh 4.2 section 3.1.3) (Suspended) | E51: Per user | F51: 3.15 | G51: 3.15 | H51: 3.15 | I51: 3.15 | J51: 3.15 | L51: 3.15 | M51: 3.15 | N51: 3.15
D52: Secure Fax to Email Toll Free Per User Charge (Exh 4.2 section 3.1.4) (Suspended) | E52: Per user | F52: 4.12 | G52: 4.12 | H52: 4.12 | I52: 4.12 | J52: 4.12 | L52: 4.12 | M52: 4.12 | N52: 4.12
D53: Secure Fax to Email Fax Per Page Charge (Exh 4.2 section 3.1.5) (Suspended) | E53: Per page of fax received | F53: 0.05 | G53: 0.05 | H53: 0.05 | I53: 0.05 | J53: 0.05 | L53: 0.05 | M53: 0.05 | N53: 0.05
D54: Secure Fax to Email TLS Security Charge (Exh 4.2 section 3.1.6) (Suspended) | E54: Per user | F54: 62.92 | G54: 62.92 | H54: 62.92 | I54: 62.92 | J54: 62.92 | L54: 62.92 | M54: 62.92 | N54: 62.92
D55: End to End Encryption for Email and Data (Exh 4.2 section 3.1.12) NOTE 3 | E55: Per license (Exh 4.0 section 2.7) | F55: 2.47 | G55: 2.47 | H55: 2.47 | I55: 2.47 | J55: 2.47 | L55: 2.47 | M55: 2.47 | N55: 2.47
D56: Email and User Data Backups (Exh 4.2 section 3.1.13.1) NOTE 3 | E56: Per license (Exh 4.0 section 2.7) | F56: 1.15 | G56: 0 | H56: 0 | I56: 0 | J56: 0 | L56: 0 | M56: 0 | N56: 0
D57: Additional Storage Allocation for Email and User Data Backups (Exh 4.2 section 3.1.13.2) | E57: Per 1 TB of storage expansion | F57: 86.6 | G57: 0 | H57: 0 | I57: 0 | J57: 0 | L57: 0 | M57: 0 | N57: 0
D58: Messaging Platform’s DLP, Data Classification, and Data Protection (Exh 4.2 section 3.1.1) NOTE 3 | E58: Per user | F58: 0.86 | G58: 0.86 | H58: 0.86 | I58: 0.86 | J58: 0.86 | L58: 0.86 | M58: 0.86 | N58: 0.86
D59: Mobile Device Management Basic (Exh 4.2 section 4.1.1) | E59: Per device | F59: 1.56 | G59: 1.53 | H59: 1.56 | I59: 1.55 | J59: 1.55 | L59: 1.55 | M59: 1.55 | N59: 1.56
D60: Mobile Device Management Advanced (Exh 4.2 section 4.1.2) | E60: Per license (Exh 4.0 section 2.7) | F60: 9.01 | G60: 9.12 | H60: 9.23 | I60: 9.23 | J60: 9.23 | L60: 9.23 | M60: 9.23 | N60: 9.23
D61: Mobile Device Management Premium (Exh 4.2 section 4.1.3) (Suspended) | E61: Per license (Exh 4.0 section 2.7) | F61: 14.23 | G61: 14.53 | H61: 14.84 | I61: 14.84 | J61: 14.84 | L61: 14.84 | M61: 14.84 | N61: 14.84
... D68: ShareGate Governance Service Support | E68: Per user | F68: 0 | G68: 0 | H68: 0.33 | I68: 0.33 | J68: 0.33 | L68: 0.33 | M68: 0.33 | N68: 0.33
C70: Combined Services
D71: Archive, eDIscovery and Records Management for Inactive users (Exh 4.2 section 3.1.17) (Suspended) | E71: Per user | F71: 0 | G71: 0 | H71: 0 | I71: 0 | J71: 0 | L71: 0 | M71: 0 | N71: 0
D72: LISTSERV Email Distribution Lists (Exh 4.2 section 3.1.2) | E72: Monthly rate | F72: 396.51 | G72: 396.51 | H72: 396.51 | I72: 396.51 | J72: 396.51 | L72: 396.51 | M72: 396.51 | N72: 396.51
D74: NOTE 1: Messaging Integrated Platform Support charges above includes the estimated costs for on premise Hardware and support costs. This RU will be effective until Sept 30, 2023.
D75: NOTE 2: Key Management Systems (KMS) is an optional selection and is an enterprise solution. If selected, the pricing represents the monthly charge per platform, and monthly volume would be "1" per month per platform.
D76: NOTE 3: VITA and NTTDATA agree that prior to year 6 option year, the parties will meet and discuss impacts of pricing extensions in years 6-8 for the specific RUs identified above and agree on applicable pricing adjustments to the specific impacted RUs. Virtru encryption is not applicable to OneDrive. Refer Section 5.2 in Exhibit 2.3.1.
D77: NOTE 4: Microsoft Support for Google Users (Non-Exchange) is optional and is for the support of Google Users who want Microsoft services (Teams (excluding Exchange), SharePoint, OneDrive).
D78: Note 8: This RU will be effective until Sept 30, 2023.
D79: Note 9: This RU will be effective on Oct. 1, 2023
D80: Note 10: This RU will be used for Microsoft Inactive Accounts. An inactive account is an account that was previously active and whose data is required to be retained in Microsoft. Actual inactive user counts will be determined using an approved process to be established before service implementation.
D81: Note 11: This RU will be retired when AeRM Service goes into operation.
D82: Note 12: This RU will be for each Active Microsoft user account with a Cloud Identitiy License and has a minimum commitment of 60,000. Additional accounts, if any, will be calulcated monthly based on the actual G5 active user accounts. This RU will be invoiced to VITA retroactively starting July 2023.
D83: Note 13: Billing will start when TVES SPLM completes. Billing will align with the appropriate RU Tier based on actual quantity of users using TVES. Monthly fixed cost ramp up will align to Month 1 (1/3 of monthly fixed cost), Month 2 (2/3 of monthly fixed cost), Month 3 (full monthly fixed cost). When the actual quantity of users exceeds 5000, the appropriate Tier RU rate will be used based on the actual quantity of users. Quantity of TVES users are estimates only. Teams console will be used to pull quantity of TVES consumers on the last day of the month for billing.
D84: Note 14: Quantities provided here are estimates only. Monthly quantity will be based on actual G5 active user accounts

Sheet 3 - Estimated Volumes
B2: Estimated Monthly Volumes
K6: Renewal Option 1 | M6: Renewal Option 2 | O6: Renewal Option 3
B7: Resource Description | E7: Contract Year 1 | F7: Contract Year 2 | G7: Contract Year 3 | H7: Contract Year 4 | I7: Contract Year 5 | K7: Contract Year 6 | M7: Contract Year 7 | O7: Contract Year 8 | Q7: Renegotiation Band NOTE 3
B8: GOOGLE SERVICES PLATFORM
C9: Core Services
D10: Messaging Integrated Platform Support (Exh 4.2 section 3.1.7) NOTE1,8 | E10: 30247 | F10: 30247 | G10: 0 | H10: 0 | I10: 0 | K10: 0 | M10: 0 | O10: 0 | Q10: + / - 25%
D11: Messaging Integrated Platform Support (Exh 4.2 section 3.1.7) NOTE 9 | E11: 0 | F11: 30247 | G11: 30247 | H11: 30247 | I11: 30247 | K11: 30247 | M11: 30247 | O11: 30247 | Q11: + / - 25%
D12: Archive, eDIscovery and Records Management for Active Users (Exh 4.2 section 3.1.14) (Suspended) | E12: 0 | F12: 0 | G12: 0 | H12: 0 | I12: 0 | K12: 0 | M12: 0 | O12: 0 | Q12: N/A
D13: Enterprise Technologies Charge (Exh 4.2 section 3.1.8) NOTE 1 | E13: 30247 | F13: 30247 | G13: 30247 | H13: 30247 | I13: 30247 | K13: 30247 | M13: 30247 | O13: 30247 | Q13: + / - 25%
D14: Interoperability Solution Charge (Exh 4.2 section 3.1.9) | E14: 1500 | F14: 1500 | G14: 1500 | H14: 1500 | I14: 1500 | K14: 1500 | M14: 1500 | O14: 1500 | Q14: + / - 25%
D15: G Suite Vault Archive User License | E15: 0 | F15: 0 | G15: 0 | H15: 0 | I15: 0 | K15: 0 | M15: 0 | O15: 0 | Q15: N/A
D16: Google Workspace Enterprise Standard License (Exh 4.2 section 2.2.1) NOTE 2 | E16: 18909.583 | F16: 39076.333 | G16: 30247 | H16: 30247 | I16: 30247 | K16: 30247 | M16: 30247 | O16: 30247 | Q16: N/A
D17: Google Workspace Enterprise Plus License (Exh 4.2 section 2.2.2) | E17: 0 | F17: 0 | G17: 0 | H17: 0 | I17: 0 | K17: 0 | M17: 0 | O17: 0 | Q17: N/A
C19: Other Services
D20: Secure Voicemail to Email Integration w/+D19:R23Suite (Exh 4.2 section 3.1.11) (Suspended) | E20: 150 | F20: 150 | G20: 150 | H20: 150 | I20: 150 | K20: 150 | M20: 150 | O20: 150 | Q20: N/A
D21: Secure Fax to Email Direct In Dial Per User Charge (Exh 4.2 section 3.1.3) (Suspended) | E21: 55 | F21: 55 | G21: 55 | H21: 55 | I21: 55 | K21: 55 | M21: 55 | O21: 55 | Q21: N/A
D22: Secure Fax to Email Toll Free Per User Charge (Exh 4.2 section 3.1.4) (Suspended) | E22: 5 | F22: 5 | G22: 5 | H22: 5 | I22: 5 | K22: 5 | M22: 5 | O22: 5 | Q22: N/A
D23: Secure Fax to Email Fax Per Page Charge (Exh 4.2 section 3.1.5) (Suspended) | E23: 600 | F23: 600 | G23: 600 | H23: 600 | I23: 600 | K23: 600 | M23: 600 | O23: 600 | Q23: N/A
D24: Secure Fax to Email TLS Security Charge (Exh 4.2 section 3.1.6) (Suspended) | E24: 0.5 | F24: 0.5 | G24: 0.5 | H24: 0.5 | I24: 0.5 | K24: 0.5 | M24: 0.5 | O24: 0.5 | Q24: N/A
D25: End to End Encryption for Email and Data (Exh 4.2 section 3.1.12) | E25: 13500 | F25: 13500 | G25: 13500 | H25: 13500 | I25: 13500 | K25: 13500 | M25: 13500 | O25: 13500 | Q25: + / - 25%
D26: Email and User Data Backups (Exh 4.2 section 3.1.13.1) | E26: 0 | F26: 0 | G26: 0 | H26: 0 | I26: 0 | K26: 0 | M26: 0 | O26: 0 | Q26: N/A
D27: Additional Storage Allocation for Email and User Data Backups (Exh 4.2 section 3.1.13.2) | E27: 0 | F27: 0 | G27: 0 | H27: 0 | I27: 0 | K27: 0 | M27: 0 | O27: 0 | Q27: N/A
D28: Messaging Platform’s DLP, Data Classification, and Data Protection (Exh 4.2 section 3.1.1) NOTE 1 | E28: 30247 | F28: 30247 | G28: 30247 | H28: 30247 | I28: 30247 | K28: 30247 | M28: 30247 | O28: 30247 | Q28: + / - 25%
D29: Mobile Device Management Basic (Exh 4.2 section 4.1.1) | E29: 7044 | F29: 7044 | G29: 7044 | H29: 7044 | I29: 7044 | K29: 7044 | M29: 7044 | O29: 7044 | Q29: + / - 25%
D30: Mobile Device Management Advanced (Exh 4.2 section 4.1.2) | E30: 1769 | F30: 1769 | G30: 1769 | H30: 1769 | I30: 1769 | K30: 1769 | M30: 1769 | O30: 1769 | Q30: + / - 25%
D31: Mobile Device Management Premium (Exh 4.2 section 4.1.3) (Suspended) | E31: 0 | F31: 0 | G31: 0 | H31: 0 | I31: 0 | K31: 0 | M31: 0 | O31: 0 | Q31: + / - 25%
D32: Microsoft Support for Google Users (Non-Exchange) Note 4 (Exh 4.2 section 3.1.16) (Suspended 7/1/2023) | E32: 24000 | F32: 0 | G32: 0 | H32: 0 | I32: 0 | K32: 0 | M32: 0 | O32: 0 | Q32: N/A
D33: Messaging Services Key Management Systems (Optional) NOTE 2 | E33: 0 | F33: 0 | G33: 0 | H33: 0 | I33: 0 | K33: 0 | M33: 0 | O33: 0
D34: Google Cloud Identity License Support for Active Microsoft UsersNote 13 | E34: 0 | F34: 60000 | G34: 60000 | H34: 60000 | I34: 60000 | K34: 60000 | M34: 60000 | O34: 60000 | Q34: + / - 25%
B36: MICROSOFT SERVICES PLATFORM
C37: MS Core Services
D38: Messaging Integrated Platform Support (Exh 4.2 section 3.1.7) NOTE1 | E38: 30247 | F38: 30247 | G38: 0 | H38: 0 | I38: 0 | K38: 0 | M38: 0 | O38: 0 | Q38: + / - 25%
D39: Messaging Integrated Platform Support (Exh 4.2 section 3.1.7) NOTE6 | E39: 0 | F39: 30247 | G39: 30247 | H39: 30247 | I39: 30247 | K39: 30247 | M39: 30247 | O39: 30247 | Q39: + / - 25%
D40: Archive, eDIscovery and Records Management for Active Users (Exh 4.2 section 3.1.14) | E40: 24198 | F40: =F11+F39 -> 60494 | G40: =G11+G39 -> 60494 | H40: =H11+H39 -> 60494 | I40: =I11+I39 -> 60494 | K40: 65000 | M40: 65000 | O40: 65000 | Q40: + / - 25%
D41: Archive, eDIscovery and Records Management for Inactive Users (Exh 4.2 section 3.1.17)Note 10 | E41: 0 | F41: 42000 | G41: 42000 | H41: 42000 | I41: 42000 | K41: 42000 | M41: 42000 | O41: 42000 | Q41: + / - 25%
D42: Interim Purview Support for Active Users (Exh 4.2 section 3.1.18)Note 11 | E42: 40000 | F42: =F11+F39 -> 60494 | G42: 0 | H42: 0 | I42: 0 | K42: 0 | M42: 0 | O42: 0 | Q42: N/A
D43: Enterprise Technologies Charge (Exh 4.2 section 3.1.8) NOTE 1 | E43: 30247 | F43: 30247 | G43: 30247 | H43: 30247 | I43: 30247 | K43: 30247 | M43: 30247 | O43: 30247 | Q43: + / - 25%
D44: Interoperability Solution Charge (Exh 4.2 section 3.1.9) | E44: 1500 | F44: 1500 | G44: 1500 | H44: 1500 | I44: 1500 | K44: 1500 | M44: 1500 | O44: 1500 | Q44: + / - 25%
D45: Office 365 GCC Configuration Option 1 with E3 License (Exh 4.2 section 2.1.1) | E45: 0 | F45: 0 | G45: 0 | H45: 0 | I45: 0 | K45: 0 | M45: 0 | O45: 0 | Q45: N/A
D46: Office 365 GCC Configuration Option 2 with E5 License (Exh 4.2 section 2.1.2) | E46: 0 | F46: 0 | G46: 0 | H46: 0 | I46: 0 | K46: 0 | M46: 0 | O46: 0 | Q46: N/A
C48: MS Other Services
D49: Secure Voicemail to Email Integration w/Transcription - O365 (Exh 4.2 section 3.1.10) (Suspended) | E49: 150 | F49: 150 | G49: 150 | H49: 150 | I49: 150 | K49: 150 | M49: 150 | O49: 150 | Q49: N/A
D50: Secure Fax to Email Direct In Dial Per User Charge (Exh 4.2 section 3.1.3) (Suspended) | E50: 55 | F50: 55 | G50: 55 | H50: 55 | I50: 55 | K50: 55 | M50: 55 | O50: 55 | Q50: N/A
D51: Secure Fax to Email Toll Free Per User Charge (Exh 4.2 section 3.1.4) (Suspended) | E51: 5 | F51: 5 | G51: 5 | H51: 5 | I51: 5 | K51: 5 | M51: 5 | O51: 5 | Q51: N/A
D52: Secure Fax to Email Fax Per Page Charge (Exh 4.2 section 3.1.5) (Suspended) | E52: 600 | F52: 600 | G52: 600 | H52: 600 | I52: 600 | K52: 600 | M52: 600 | O52: 600 | Q52: N/A
D53: Secure Fax to Email TLS Security Charge (Exh 4.2 section 3.1.6) (Suspended) | E53: 0.5 | F53: 0.5 | G53: 0.5 | H53: 0.5 | I53: 0.5 | K53: 0.5 | M53: 0.5 | O53: 0.5 | Q53: N/A
D54: End to End Encryption for Email and Data (Exh 4.2 section 3.1.12) NOTE 5 | E54: 13500 | F54: 13500 | G54: 13500 | H54: 13500 | I54: 13500 | K54: 13500 | M54: 13500 | O54: 13500 | Q54: + / - 25%
D55: Email and User Data Backups (Exh 4.2 section 3.1.13.1) | E55: 0 | F55: 0 | G55: 0 | H55: 0 | I55: 0 | K55: 0 | M55: 0 | O55: 0 | Q55: N/A
D56: Additional Storage Allocation for Email and User Data Backups (Exh 4.2 section 3.1.13.2) | E56: 0 | F56: 0 | G56: 0 | H56: 0 | I56: 0 | K56: 0 | M56: 0 | O56: 0 | Q56: N/A
D57: Messaging Platform’s DLP, Data Classification, and Data Protection (Exh 4.2 section 3.1.1) NOTE 1 | E57: 30247 | F57: 30247 | G57: 30247 | H57: 30247 | I57: 30247 | K57: 30247 | M57: 30247 | O57: 30247 | Q57: + / - 25%
D58: Mobile Device Management Basic (Exh 4.2 section 4.1.1) | E58: 7044 | F58: 7044 | G58: 7044 | H58: 7044 | I58: 7044 | K58: 7044 | M58: 7044 | O58: 7044 | Q58: + / - 25%
D59: Mobile Device Management Advanced (Exh 4.2 section 4.1.2) | E59: 1769 | F59: 1769 | G59: 1769 | H59: 1769 | I59: 1769 | K59: 1769 | M59: 1769 | O59: 1769 | Q59: + / - 25%
D60: Mobile Device Management Premium (Exh 4.2 section 4.1.3) (Suspended) | E60: 0 | F60: 0 | G60: 0 | H60: 0 | I60: 0 | K60: 0 | M60: 0 | O60: 0 | Q60: + / - 25%
D61: Messaging Services Key Management Systems (Optional) NOTE 2 | E61: 0 | F61: 0 | G61: 0 | H61: 0 | I61: 0 | K61: 0 | M61: 0 | O61: 0
D62: Teams Voice Enterprise Service - Support Tier 1 (Exh 4.2 section 3.1.20) NOTE 13 | E62: 0 | F62: 1 | G62: 0 | H62: 0 | I62: 0 | K62: 0 | M62: 0 | O62: 0 | Q62: N/A
D63: Teams Voice Enterprise Service - Support Tier 2 (Exh 4.2 section 3.1.21) NOTE 13 | E63: 0 | F63: 0 | G63: 10000 | H63: 0 | I63: 0 | K63: 0 | M63: 0 | O63: 0 | Q63: N/A
D64: Teams Voice Enterprise Service - Support Tier 3 (Exh 4.2 section 3.1.22) NOTE 13 | E64: 0 | F64: 0 | G64: 0 | H64: 20000 | I64: 20000 | K64: 20000 | M64: 20000 | O64: 20000 | Q64: N/A
D65: Teams Voice Enterprise Service - Support Tier 4 (Exh 4.2 section 3.1.23) NOTE 13 | E65: 0 | F65: 0 | G65: 0 | H65: 0 | I65: 0 | K65: 0 | M65: 0 | O65: 0 | Q65: N/A
D66: Teams Voice Enterprise Service - Support Tier 5 (Exh 4.2 section 3.1.24) NOTE 13 | E66: 0 | F66: 0 | G66: 0 | H66: 0 | I66: 0 | K66: 0 | M66: 0 | O66: 0 | Q66: N/A
D67: ShareGate Governance Service SupportNote 14 | E67: 0 | F67: 0 | G67: 60000 | H67: 60000 | I67: 60000 | K67: 60000 | M67: 60000 | O67: 60000 | Q67: + / - 25%
C69: Combined Services
D70: Archive, eDIscovery and Records Management for Inactive users (Exh 4.2 section 3.1.17)(Suspended) | E70: 0 | F70: 0 | G70: 0 | H70: 0 | I70: 0 | K70: 0 | M70: 0 | O70: 0 | Q70: N/A
D71: LISTSERV Email Distribution Lists (Exh 4.2 section 3.1.2) | E71: 1 | F71: 1 | G71: 1 | H71: 1 | I71: 1 | K71: 1 | M71: 1 | O71: 1 | Q71: N/A
D73: NOTE 1: Enterprise RUs - Messaging Integrated Platform Support, Messaging Enterprise Technologies, and Messaging Platform’s DLP, Data Classification, and Data Protection RUs are all Enterprise RUs and apply to all users across both platforms.
D74: NOTE 2: Volumes for Google Workspace Enterprise Standard are annual averages and estimated based upon the current volume and timing of migrations to Microsoft, as detailed on 2A - Google License Monthly tab. Google enterprise licenses above includes estimated 15 licenses for UAT, subject to validation during due diligence.
D75: NOTE 3: Renegotiaitons Bands are defined in Exhibit 4.0 Section 2.4 Renegotiation Bands.
D76: NOTE 4: Microsoft Support for Google Users (Non-Exchange) is optional and is for the support of Google Users who want Microsoft services (Teams (excluding Exchange), SharePoint, OneDrive). Counts are estimates based on the current number of WCS users, and anticipate 80% of users migrate from Google to M365. Billing will be based on actual counts.
D77: Note 5: Virtru encryption is not applicable to OneDrive. Refer Section 5.2 in Exhibit 2.3.1
D78: Note 8: This RU will be effective until Sept 30, 2023.
D79: Note 9: This RU will be effective on Oct. 1, 2023
D80: Note 10: This RU will be used for Microsoft Inactive Accounts. An inactive account is an account that was previously active and whose data is required to be retained in Microsoft. Actual inactive user counts will be determined using an approved process to be established before service implementation.
D81: Note 11: This RU will be retired when AeRM Service goes into operation.
D82: Note 12: This RU will be for each Active Microsoft user account with a Cloud Identitiy License and has a minimum commitment of 60,000. Additional accounts, if any, will be calulcated monthly based on the actual G5 active user accounts. This RU will be invoiced to VITA retroactively starting July 2023.
D83: Note 13: Billing will start when TVES SPLM completes. Billing will align with the appropriate RU Tier based on actual quantity of users using TVES. Monthly fixed cost ramp up will align to Month 1 (1/3 of monthly fixed cost), Month 2 (2/3 of monthly fixed cost), Month 3 (full monthly fixed cost). When the actual quantity of users exceeds 5000, the appropriate Tier RU rate will be used based on the actual quantity of users. Quantity of TVES users are estimates only. Teams console will be used to pull quantity of TVES consumers on the last day of the month for billing.
D84: Note 14: Quantities provided here are estimates only. Monthly quantity will be based on actual G5 active user accounts

Sheet 4 - Pass-Through
B2: Pass-Through Expenses ($)
M6: Renewal Option 1 | P6: Renewal Option 2 | S6: Renewal Option 3
B7: Description | E7: Platform; specify Google or Microsoft | F7: Contract Year 1 | G7: Contract Year 2 | H7: Contract Year 3 | I7: Contract Year 4 | J7: Contract Year 5 | K7: 5 Year Total | M7: Contract Year 6 | N7: 6 Year Total | P7: Contract Year 7 | Q7: 7 Year Total | S7: Contract Year 8 | T7: 8 Year Total
B8: MESSAGING SERVICES
C9: Pass-Through Expenses
D10: Audit Charges (SOC II Type II) | E10: Both | F10: 275000 | G10: 275000 | H10: 275000 | I10: 275000 | J10: 275000 | K10: =SUM(G10:J10) -> 1100000 | M10: 275000 | N10: =SUM(K10:M10) -> 1375000 | P10: 275000 | Q10: =SUM(N10:P10) -> 1650000 | S10: 275000 | T10: =SUM(Q10:S10) -> 1925000
D11: NTT Workspace One LicenseNote 1 | E11: Both | F11: 25050 | H11: - | I11: - | J11: - | K11: =SUM(F11:J11) -> 25050 | N11: =SUM(K11:M11) -> 25050 | Q11: =SUM(N11:P11) -> 25050 | T11: =SUM(Q11:S11) -> 25050
D12: Google Workspace Enterprise Standard - Archived User (2 month)Note 2 | E12: Google | F12: 108433 | G12: $ - | H12: $ - | I12: $ - | J12: $ - | K12: 108433 | M12: $ - | N12: =SUM(K12:M12) -> 108433 | P12: $ - | Q12: =SUM(N12:P12) -> 108433 | S12: $ - | T12: =SUM(Q12:S12) -> 108433
D13: Google Workspace Enterprise Standard - Archived User (10 month)Note 2 | E13: Google | F13: 998117 | G13: $ - | H13: $ - | I13: $ - | J13: $ - | K13: 998117 | M13: $ - | N13: =SUM(K13:M13) -> 998117 | P13: $ - | Q13: =SUM(N13:P13) -> 998117 | S13: $ - | T13: =SUM(Q13:S13) -> 998117
D14: Total | F14: =SUM(F11:F13) -> 1131600 | G14: =SUM(G10:G13) -> 275000 | H14: =SUM(H10:H13) -> 275000 | I14: =SUM(I10:I13) -> 275000 | J14: =SUM(J10:J13) -> 275000 | K14: =SUM(K10:K13) -> 2231600 | M14: =SUM(M10:M13) -> 275000 | N14: =SUM(N10:N13) -> 2506600 | P14: =SUM(P10:P13) -> 275000 | Q14: =SUM(Q10:Q13) -> 2781600 | S14: =SUM(S10:S13) -> 275000 | T14: =SUM(T10:T13) -> 3056600
D18: Note 1: This is a not to exceed amount. To extend the VITA VMware Workspace One (WS1) licenses that expire on 2/28/22, NTT will replace those with NTT WS1 licenses at a monthly cost of $5.01 per device. Based on the estimated device count of 2500 provided by Skyline, the cost would be $12,525/month to cover these devices. Actual billing will be based on the actual device count on the last day of the month. This would be effective starting on March 1 and ending on April 30 and does not include any NTT support during this term. NTT will bill VITA following commencement. The NTT DATA RU for WS1 of $9.01 will be effective starting 5/1/2022 for these licenses.
D19: Note 2: This is a not to exceed amount.

Sheet 5 - Milestone Charges
B2: Milestone Charges
B3: ($)
H6: Scenario 1: Milestone Charges - Paid at Completion | P6: Scenario 2: Milestone Charges - Paid over Term
C7: Critical Milestone | D7: Reference Document | E7: Completion Criteria Ref | F7: Completion Date | H7: Year -1 (Note 1) | I7: Contract Year 1 | J7: Contract Year 2 | K7: Contract Year 3 | L7: Contract Year 4 | M7: Contract Year 5 | N7: Total | P7: Contract Year 1 | Q7: Contract Year 2 | R7: Contract Year 3 | S7: Contract Year 4 | T7: Contract Year 5 | U7: Total
C10: MESSAGING SERVICES
C11: Integrated Project Plan Complete | D11: VITA-RFP 2021-01 - 02.4 Exh (Implementation Plan) | E11: OTD 3.1 | F11: 44410 | H11: 1315542.5 | I11: 0 | J11: 0 | K11: 0 | L11: 0 | M11: 0 | N11: =SUM(H11:M11) -> 1315542.5 | P11: 281536.66 | Q11: 281536.66 | R11: 281536.66 | S11: 281536.66 | T11: 281536.66 | U11: =SUM(P11:T11) -> 1407683.3
C12: Governance/SMM/OLA Initial Draft documentation | D12: VITA-RFP 2021-01 - 02.4 Exh (Implementation Plan) | E12: M-04 | F12: 44440 | H12: 731437.44 | I12: 0 | J12: 0 | K12: 0 | L12: 0 | M12: 0 | N12: =SUM(H12:M12) -> 731437.44 | P12: 156533.49 | Q12: 156533.49 | R12: 156533.49 | S12: 156533.49 | T12: 156533.49 | U12: =SUM(P12:T12) -> 782667.45
C13: HARP Holistic Architectural Review Process | D13: VITA-RFP 2021-01 - 02.4 Exh (Implementation Plan) | E13: M-05 | F13: 44641 | H13: 878769.83 | I13: 0 | J13: 0 | K13: 0 | L13: 0 | M13: 0 | N13: =SUM(H13:M13) -> 878769.83 | P13: 188063.81 | Q13: 188063.81 | R13: 188063.81 | S13: 188063.81 | T13: 188063.81 | U13: =SUM(P13:T13) -> 940319.03
C14: Process (SMM) Integration – Final | D14: VITA-RFP 2021-01 - 02.4 Exh (Implementation Plan) | E14: OTD 3.3.2 | F14: 44582 | H14: 731437.44 | I14: 0 | J14: 0 | K14: 0 | L14: 0 | M14: 0 | N14: =SUM(H14:M14) -> 731437.44 | P14: 156533.49 | Q14: 156533.49 | R14: 156533.49 | S14: 156533.49 | T14: 156533.49 | U14: =SUM(P14:T14) -> 782667.45
C15: Modernization of Business Requirements Note 2 | D15: VITA-RFP 2021-01 - 02.4 Exh (Implementation Plan) | E15: M-06 | F15: 4/22/2022 | H15: 668742.8 | I15: 0 | J15: 0 | K15: 0 | L15: 0 | M15: 0 | N15: =SUM(H15:M15) -> 668742.8 | P15: 143116.33 | Q15: 143116.33 | R15: 143116.33 | S15: 143116.33 | T15: 143116.33 | U15: =SUM(P15:T15) -> 715581.65
C16: Expand the messaging portfolio to include Messaging Services Capabilities and Office 365 | D16: VITA-RFP 2021-01 - 02.4 Exh (Implementation Plan) | E16: M-07 | F16: 44673 | H16: 417964.25 | I16: 0 | J16: 0 | K16: 0 | L16: 0 | M16: 0 | N16: =SUM(H16:M16) -> 417964.25 | P16: 89447.708 | Q16: 89447.708 | R16: 89447.708 | S16: 89447.708 | T16: 89447.708 | U16: =SUM(P16:T16) -> 447238.54
C17: Service Catalog Request and Fulfillment Implementation | D17: VITA-RFP 2021-01 - 02.4 Exh (Implementation Plan) | E17: OTD 3.8 | F17: 4/22/2022 | H17: 417964.25 | I17: 0 | J17: 0 | K17: 0 | L17: 0 | M17: 0 | N17: =SUM(H17:M17) -> 417964.25 | P17: 89447.708 | Q17: 89447.708 | R17: 89447.708 | S17: 89447.708 | T17: 89447.708 | U17: =SUM(P17:T17) -> 447238.54
C18: Services Implementation Readiness Plan Complete | D18: VITA-RFP 2021-01 - 02.4 Exh (Implementation Plan) | E18: M-09 | F18: 4/22/2022 | H18: 417964.25 | I18: 0 | J18: 0 | K18: 0 | L18: 0 | M18: 0 | N18: =SUM(H18:M18) -> 417964.25 | P18: 89447.708 | Q18: 89447.708 | R18: 89447.708 | S18: 89447.708 | T18: 89447.708 | U18: =SUM(P18:T18) -> 447238.54
C19: Commencement Date | D19: VITA-RFP 2021-01 - 02.4 Exh (Implementation Plan) | E19: M-12 | F19: 44682 | H19: 0 | I19: 835928.5 | J19: 0 | K19: 0 | L19: 0 | M19: 0 | N19: =SUM(H19:M19) -> 835928.5 | P19: 178895.42 | Q19: 178895.42 | R19: 178895.42 | S19: 178895.42 | T19: 178895.42 | U19: =SUM(P19:T19) -> 894477.08
C20: KMS (Key Management Systems) Implementation (Optional) | D20: VITA-RFP 2021-01 - 02.4 Exh (Implementation Plan) | E20: M-18 | F20: Optional Service | H20: 0 | I20: 448948.94 | J20: 0 | K20: 0 | L20: 0 | M20: 0 | N20: =SUM(H20:M20) -> 448948.94 | P20: 94664.703 | Q20: 94664.703 | R20: 94664.703 | S20: 94664.703 | T20: 94664.703 | U20: =SUM(P20:T20) -> 473323.51
C21: UAT - Google Workspace Upgrade | D21: VITA-RFP 2021-01 - 02.4 Exh (Implementation Plan) | E21: M-16 | F21: 44743 | H21: 0 | I21: 306000 | J21: 0 | K21: 0 | L21: 0 | M21: 0 | N21: =SUM(H21:M21) -> 306000 | P21: 68978 | Q21: 68978 | R21: 68978 | S21: 68978 | T21: 68978 | U21: =SUM(P21:T21) -> 344890
C22: Sub-Total | H22: =SUM(H11:H21) -> 5579822.7 | I22: =SUM(I11:I21) -> 1590877.4 | J22: =SUM(J11:J21) -> 0 | K22: =SUM(K11:K21) -> 0 | L22: =SUM(L11:L21) -> 0 | M22: =SUM(M11:M21) -> 0 | N22: =SUM(N11:N21) -> 7170700.2 | P22: =SUM(P11:P21) -> 1536665 | Q22: =SUM(Q11:Q21) -> 1536665 | R22: =SUM(R11:R21) -> 1536665 | S22: =SUM(S11:S21) -> 1536665 | T22: =SUM(T11:T21) -> 1536665 | U22: =SUM(U11:U21) -> 7683325.1
C23: Final AERM Solution Note 3 | D23: Modification 9 Exhibit 02.4 (Implementation Plan) | E23: M-19 | F23: TBD | H23: 0 | I23: 0 | J23: 167185.7 | K23: 0 | L23: 0 | M23: 0 | N23: =SUM(H23:M23) -> 167185.7 | P23: N/A | Q23: N/A | R23: N/A | S23: N/A | T23: N/A | U23: N/A
C25: Grand Total | H25: =H22+H23 -> 5579822.7 | I25: =I22+I23 -> 1590877.4 | J25: =J22+J23 -> 167185.7 | K25: =K22+K23 -> 0 | L25: =L22+L23 -> 0 | M25: =M22+M23 -> 0 | N25: =N22+N23 -> 7337885.9 | P25: =P22 -> 1536665 | Q25: =Q22 -> 1536665 | R25: =R22 -> 1536665 | S25: =S22 -> 1536665 | T25: =T22 -> 1536665 | U25: =U22 -> 7683325.1
C28: Notes:
C29: Note 1 Year -1 means the time after signature and prior to Commencement Date
C30: Note 2 - 20% of the original value of this Milestone has been applied to Milestone 19
C31: Note 3 - This Milestone will be invoiced in accordance with Scenario 1, while all other Milestones will be invoiced in accordance with Scenario 2. The due date for this milestone will be determined when NTT and VITA agree to a project schedule for AeRM service roll-out

Sheet 6 - Migration & OneTime Pricing
A2: Migration Charges and Unit Rates
A4: Migration Unit Rates
B5: Per User Rate
B6: Contract Year 1 | C6: Contract Year 2 | D6: Contract Year 3 | E6: Contract Year 4 | F6: Contract Year 5 | G6: Contract Year 6 | H6: Contract Year 7 | I6: Contract Year 8
A9: Basic User | B9: =ROUND(110*(1.02041),2) -> 112.25 | C9: =ROUND(110*(1.02041),2) -> 112.25 | D9: =ROUND(110*(1.02041),2) -> 112.25 | E9: =ROUND(110*(1.02041),2) -> 112.25 | F9: =ROUND(110*(1.02041),2) -> 112.25 | G9: =ROUND(110*(1.02041),2) -> 112.25 | H9: =ROUND(110*(1.02041),2) -> 112.25 | I9: =ROUND(110*(1.02041),2) -> 112.25
A10: Advanced User | B10: =ROUND(165*(1.02041),2) -> 168.37 | C10: =ROUND(165*(1.02041),2) -> 168.37 | D10: =ROUND(165*(1.02041),2) -> 168.37 | E10: =ROUND(165*(1.02041),2) -> 168.37 | F10: =ROUND(165*(1.02041),2) -> 168.37 | G10: =ROUND(165*(1.02041),2) -> 168.37 | H10: =ROUND(165*(1.02041),2) -> 168.37 | I10: =ROUND(165*(1.02041),2) -> 168.37
A11: VFE User | B11: 20 | C11: 20
A12: Archived User Migration | B12: N/A | C12: 40
B14: Monthly Rates
B15: Contract Year 1 | C15: Contract Year 2 | D15: Contract Year 3 | E15: Contract Year 4 | F15: Contract Year 5 | G15: Contract Year 6 | H15: Contract Year 7 | I15: Contract Year 8
A16: Enhanced Migration Services for Active Users Note 1 | B16: 37852.5 | C16: n/a | D16: n/a | E16: n/a | F16: n/a | G16: n/a | H16: n/a | I16: n/a
A17: BetterCloud Removal Project One-Time cost Note 2 | B17: n/a | C17: 150000 | D17: n/a | E17: n/a | F17: n/a | G17: n/a | H17: n/a | I17: n/a
A18: TVES Implementation One-Time CostsNote 3 | B18: n/a | C18: 284540
A19: ShareGate Implementation One-Time Costs (Tool Implementation, Rebuild & SPLM) | B19: n/a | C19: n/a | D19: 205000 | E19: n/a | F19: n/a | G19: n/a | H19: n/a | I19: n/a
A21: Teams Voice Enterprise Service One-Time Costs Per Request
A22: Teams Voice Enterprise Service Agency Onboarding (Per User) (Exh 4.2 section 3.1.25) | B22: n/a | C22: 28.75 | D22: 28.75 | E22: 28.75 | F22: 28.75 | G22: 28.75 | H22: 28.75 | I22: 28.75
A23: Teams Voice Enterprise Service - Call Flow Configuration (Per Call Flow) (Exh 4.2 section 3.1.26) | B23: n/a | C23: 500 | D23: 500 | E23: 500 | F23: 500 | G23: 500 | H23: 500 | I23: 500
A24: Teams Voice Enterprise Service - E911 Configuration (Per E911 Location) (Exh 4.2 section 3.1.27) | B24: n/a | C24: 562 | D24: 562 | E24: 562 | F24: 562 | G24: 562 | H24: 562 | I24: 562
A26: Note 1: This charge will be paid in equal monthly payments for the period July 2022 through April 2023 (ten months for a total of $378,525.00) for Enhanced Migration Services for Active Users. This rate includes full compensation for all additional support required by VITA to support the migration of active users to include but not limited to additional agencies preparation meetings, and support of MMIG meetings. NTT will be authorized to bill previous months services as a lump sum payment upon this modification becoming effective.
A27: Note 2: BetterCloud Removal Project is part of the effort to reduce contract costs. This one-time cost includes updates to AOD and technical solution and is estimated to take 4 – 6 weeks. Updates will be made to the BetterCloud section only, as updates to any additional sections will affect the overall timelines. This cost will be invoiced on the Nov. 1 2023 cycle for October 2023 services.
A28: Note 3: TVES implementation costs will be invoiced when TVES SPLM completes. (Ex: If TVES SPLM completes March 31, 2024, TVES implementation costs will be invoiced along with April 2024 services invoice in May 2024.)
A30: Basic User is a data-only user including email, calendar, drive, and contact data
A31: Advanced User may include SharePoint, Teams, complex organizational or individual user configurations and settings, shared resrouces, etc.
A32: Migration Rates above apply to customers migrating from Google to Microsoft and customers migrating from Microsoft to Google.
A33: VFE (Vault for Former Employee) User rate is for migration of a VFE to the NTT DATA Archive solution. To be completed prior to NTT DATA taking over Google licenses
A35: Archived User Migration rate is for migrating an archived user from Google to Microsoft platform. Quantity of users is an estimation and "not to exceed" number. Actual quantities will be invoiced at the quoted rate. If the number of accounts to migrate exceed the estimated quantity, the additional migrations will be processed under a new mod.
A36: Estimated Migration Charges - Migrations Pricing Scenario
B38: Year 1 | C38: Year 2 | D38: Year 3 | E38: Year 4 | F38: Year 5 | G38: Total
A39: Estimated Volumes
A40: Basic User | B40: 4534 | C40: 13603 | D40: 0 | E40: 0 | F40: 0 | G40: =SUM(B40:F40) -> 18137
A41: Advanced User | B41: 3023 | C41: 9068 | D41: 0 | E41: 0 | F41: 0 | G41: =SUM(B41:F41) -> 12091
A42: Total | B42: =SUM(B40:B41) -> 7557 | C42: =SUM(C40:C41) -> 22671 | D42: =SUM(D40:D41) -> 0 | E42: =SUM(E40:E41) -> 0 | F42: =SUM(F40:F41) -> 0 | G42: =SUM(G40:G41) -> 30228
A43: VFE User | B43: 30000 | C43: 10000 | G43: =SUM(B43:F43) -> 40000
A44: Archived User | C44: 6000 | G44: 6000
A46: Estimated Charges
A47: Basic User | B47: =B40*$B9 -> 508941.5 | C47: =C40*$B9 -> 1526936.8 | D47: =D40*$B9 -> 0 | E47: =E40*$B9 -> 0 | F47: =F40*$B9 -> 0 | G47: =SUM(B47:F47) -> 2035878.2
A48: Advanced User | B48: =B41*$B10 -> 508982.51 | C48: =C41*$B10 -> 1526779.2 | D48: =D41*$B10 -> 0 | E48: =E41*$B10 -> 0 | F48: =F41*$B10 -> 0 | G48: =SUM(B48:F48) -> 2035761.7
A49: Total | B49: =SUM(B47:B48) -> 1017924 | C49: =SUM(C47:C48) -> 3053715.9 | D49: =SUM(D47:D48) -> 0 | E49: =SUM(E47:E48) -> 0 | F49: =SUM(F47:F48) -> 0 | G49: =SUM(B49:F49) -> 4071639.9
A50: VFE User | B50: =B43*B11 -> 600000 | C50: =C43*C11 -> 200000 | G50: =SUM(B50:F50) -> 800000
A51: Archived User | B51: - | C51: =C12*C44 -> 240000 | D51: =SUM(D49:D50) -> 0 | E51: =SUM(E49:E50) -> 0 | F51: =SUM(F49:F50) -> 0 | G51: =SUM(B51:F51) -> 240000

Sheet 7 - Termination
B2: Termination Charges (Annual Amounts in $)
J5: Renewal Option 1 | K5: Renewal Option 2 | L5: Renewal Option 3
E6: Contract Year 1 | F6: Contract Year 2 | G6: Contract Year 3 | H6: Contract Year 4 | I6: Contract Year 5 | J6: Contract Year 6 | K6: Contract Year 7 | L6: Contract Year 8
B7: TERMINATION FOR CONVENIENCE
D9: GOOGLE SERVICES PLATFORM
D10: Unrecovered Implementation Charges | E10: 5877877.4 | F10: 4998491.7 | G10: 2741179.4 | H10: 2092997 | I10: 1400557.3 | J10: 0 | K10: 0 | L10: 0
D11: Employee Severance | E11: 209407.62 | F11: 209407.62 | G11: 209407.62 | H11: 209407.62 | I11: 209407.62 | J11: 209407.62 | K11: 209407.62 | L11: 209407.62
D12: Supplier Equipment | E12: 0 | F12: 0 | G12: 0 | H12: 0 | I12: 0 | J12: 0 | K12: 0 | L12: 0
D13: Third Party Contracts (Software Licenses) | E13: 2534077 | F13: 2466735.5 | G13: 2464780.5 | H13: 2467093.2 | I13: 2466659 | J13: 2464779.2 | K13: 2467092.4 | L13: 2466660.5
D14: Third Party Contracts (Other) | E14: 374672.41 | F14: 458316.83 | G14: 454424.55 | H14: 451722.9 | I14: 450745.76 | J14: 449008.2 | K14: 447011.16 | L14: 391215.59
D15: ="Total "&$D$9&" Termination for Convenience" -> Total GOOGLE SERVICES PLATFORM Termination for Convenience | E15: =SUM(E10:E14) -> 8996034.4 | F15: =SUM(F10:F14) -> 8132951.7 | G15: =SUM(G10:G14) -> 5869792 | H15: =SUM(H10:H14) -> 5221220.8 | I15: =SUM(I10:I14) -> 4527369.7 | J15: =SUM(J10:J14) -> 3123195 | K15: =SUM(K10:K14) -> 3123511.1 | L15: =SUM(L10:L14) -> 3067283.8
J17: Renewal Option 1 | K17: Renewal Option 2 | L17: Renewal Option 3
E18: Contract Year 1 | F18: Contract Year 2 | G18: Contract Year 3 | H18: Contract Year 4 | I18: Contract Year 5 | J18: Contract Year 6 | K18: Contract Year 7 | L18: Contract Year 8
B19: TERMINATION FOR CONVENIENCE
D21: MICROSOFT SERVICES PLATFORM
D22: Unrecovered Implementation Charges | E22: 5877877.4 | F22: 4998491.7 | G22: 2741179.4 | H22: 2092997 | I22: 1400557.3 | J22: 0 | K22: 0 | L22: 0
D23: Employee Severance | E23: 209407.62 | F23: 209407.62 | G23: 209407.62 | H23: 209407.62 | I23: 209407.62 | J23: 209407.62 | K23: 209407.62 | L23: 209407.62
D24: Supplier Equipment | E24: 0 | F24: 0 | G24: 0 | H24: 0 | I24: 0 | J24: 0 | K24: 0 | L24: 0
D25: Third Party Contracts (Software Licenses) | E25: 2534077 | F25: 2466735.5 | G25: 2464780.5 | H25: 2467093.2 | I25: 2466659 | J25: 2464779.2 | K25: 2467092.4 | L25: 2466660.5
D26: Third Party Contracts (Other) | E26: 374672.41 | F26: 458316.83 | G26: 454424.55 | H26: 451722.9 | I26: 450745.76 | J26: 449008.2 | K26: 447011.16 | L26: 391215.59
D27: ="Total "&$D$9&" Termination for Convenience" -> Total GOOGLE SERVICES PLATFORM Termination for Convenience | E27: =SUM(E22:E26) -> 8996034.4 | F27: =SUM(F22:F26) -> 8132951.7 | G27: =SUM(G22:G26) -> 5869792 | H27: =SUM(H22:H26) -> 5221220.8 | I27: =SUM(I22:I26) -> 4527369.7 | J27: =SUM(J22:J26) -> 3123195 | K27: =SUM(K22:K26) -> 3123511.1 | L27: =SUM(L22:L26) -> 3067283.8
J29: Renewal Option 1 | K29: Renewal Option 2 | L29: Renewal Option 3
E30: Contract Year 1 | F30: Contract Year 2 | G30: Contract Year 3 | H30: Contract Year 4 | I30: Contract Year 5 | J30: Contract Year 6 | K30: Contract Year 7 | L30: Contract Year 8
B31: TERMINATION FOR CONVENIENCE
D33: TOTAL MESSAGING PLATFORM
D34: Unrecovered Implementation Charges | E34: =E10+E22 -> 11755755 | F34: =F10+F22 -> 9996983.5 | G34: =G10+G22 -> 5482358.8 | H34: =H10+H22 -> 4185994 | I34: =I10+I22 -> 2801114.6 | J34: =J10+J22 -> 0 | K34: =K10+K22 -> 0 | L34: =L10+L22 -> 0
D35: Employee Severance | E35: =E11+E23 -> 418815.23 | F35: =F11+F23 -> 418815.23 | G35: =G11+G23 -> 418815.23 | H35: =H11+H23 -> 418815.23 | I35: =I11+I23 -> 418815.23 | J35: =J11+J23 -> 418815.23 | K35: =K11+K23 -> 418815.23 | L35: =L11+L23 -> 418815.23
D36: Supplier Equipment | E36: =E12+E24 -> 0 | F36: =F12+F24 -> 0 | G36: =G12+G24 -> 0 | H36: =H12+H24 -> 0 | I36: =I12+I24 -> 0 | J36: =J12+J24 -> 0 | K36: =K12+K24 -> 0 | L36: =L12+L24 -> 0
D37: Third Party Contracts (Software Licenses) | E37: =E13+E25 -> 5068154 | F37: =F13+F25 -> 4933471 | G37: =G13+G25 -> 4929560.9 | H37: =H13+H25 -> 4934186.4 | I37: =I13+I25 -> 4933317.9 | J37: =J13+J25 -> 4929558.3 | K37: =K13+K25 -> 4934184.7 | L37: =L13+L25 -> 4933321.1
D38: Third Party Contracts (Other) | E38: =E14+E26 -> 749344.82 | F38: =F14+F26 -> 916633.66 | G38: =G14+G26 -> 908849.1 | H38: =H14+H26 -> 903445.81 | I38: =I14+I26 -> 901491.53 | J38: =J14+J26 -> 898016.4 | K38: =K14+K26 -> 894022.32 | L38: =L14+L26 -> 782431.18
D39: ="Total "&D33&" Termination for Convenience" -> Total TOTAL MESSAGING PLATFORM Termination for Convenience | E39: =SUM(E34:E38) -> 17992069 | F39: =SUM(F34:F38) -> 16265903 | G39: =SUM(G34:G38) -> 11739584 | H39: =SUM(H34:H38) -> 10442442 | I39: =SUM(I34:I38) -> 9054739.3 | J39: =SUM(J34:J38) -> 6246390 | K39: =SUM(K34:K38) -> 6247022.3 | L39: =SUM(L34:L38) -> 6134567.5

Sheet 8 - Inflation Sensitivity
B2: Inflation Sensitivity (%)
K6: Renewal Option 1 | M6: Renewal Option 2 | O6: Renewal Option 3
B7: Resource Description | E7: Contract Year 1 | F7: Contract Year 2 | G7: Contract Year 3 | H7: Contract Year 4 | I7: Contract Year 5 | K7: Contract Year 6 | M7: Contract Year 7 | O7: Contract Year 8
B8: GOOGLE SERVICES PLATFORM
C9: Core Services
D10: Messaging Integrated Platform Support (Exh 4.2 section 3.1.7) | E10: N/A | F10: 0.876 | G10: 0.876 | H10: 0.876 | I10: 0.876 | K10: 0.876 | M10: 0.876 | O10: 0.876
D11: Archive, eDIscovery and Records Management for Active Users (Exh 4.2 section 3.1.14) | E11: N/A | F11: 0 | G11: 0 | H11: 0 | I11: 0 | K11: 0 | M11: 0 | O11: 0
D12: Enterprise Technologies Charge (Exh 4.2 section 3.1.8) | E12: N/A | F12: 0 | G12: 0 | H12: 0 | I12: 0 | K12: 0 | M12: 0 | O12: 0
D13: Interoperability Solution Charge (Exh 4.2 section 3.1.9) | E13: N/A | F13: 0 | G13: 0 | H13: 0 | I13: 0 | K13: 0 | M13: 0 | O13: 0
D14: G Suite Vault Archive User License | E14: N/A | F14: 0 | G14: 0 | H14: 0 | I14: 0 | K14: 0 | M14: 0 | O14: 0
D15: Google Workspace Enterprise Standard License (Exh 4.2 section 2.2.1) NOTE 1 | E15: N/A | F15: 0 | G15: 0 | H15: 0 | I15: 0 | K15: 0 | M15: 0 | O15: 0
D16: Google Workspace Enterprise Plus License (Exh 4.2 section 2.2.2) | E16: N/A | F16: 0 | G16: 0 | H16: 0 | I16: 0 | K16: 0 | M16: 0 | O16: 0
C18: Other Services
D19: Secure Voicemail to Email Integration w/+D19:R23Suite (Exh 4.2 section 3.1.11) (Suspended) | E19: N/A | F19: 0 | G19: 0 | H19: 0 | I19: 0 | K19: 0 | M19: 0 | O19: 0
D20: Secure Fax to Email Direct In Dial Per User Charge (Exh 4.2 section 3.1.3) (Suspended) | E20: N/A | F20: 0 | G20: 0 | H20: 0 | I20: 0 | K20: 0 | M20: 0 | O20: 0
D21: Secure Fax to Email Toll Free Per User Charge (Exh 4.2 section 3.1.4) (Suspended) | E21: N/A | F21: 0 | G21: 0 | H21: 0 | I21: 0 | K21: 0 | M21: 0 | O21: 0
D22: Secure Fax to Email Fax Per Page Charge (Exh 4.2 section 3.1.5) (Suspended) | E22: N/A | F22: 0 | G22: 0 | H22: 0 | I22: 0 | K22: 0 | M22: 0 | O22: 0
D23: Secure Fax to Email TLS Security Charge (Exh 4.2 section 3.1.6) (Suspended) | E23: N/A | F23: 0 | G23: 0 | H23: 0 | I23: 0 | K23: 0 | M23: 0 | O23: 0
D24: End to End Encryption for Email and Data (Exh 4.2 section 3.1.12) | E24: N/A | F24: 0 | G24: 0 | H24: 0 | I24: 0 | K24: 0 | M24: 0 | O24: 0
D25: Email and User Data Backups (Exh 4.2 section 3.1.13.1) | E25: N/A | F25: 0 | G25: 0 | H25: 0 | I25: 0 | K25: 0 | M25: 0 | O25: 0
D26: Additional Storage Allocation for Email and User Data Backups (Exh 4.2 section 3.1.13.2) | E26: N/A | F26: 0 | G26: 0 | H26: 0 | I26: 0 | K26: 0 | M26: 0 | O26: 0
D27: Messaging Platform’s DLP, Data Classification, and Data Protection (Exh 4.2 section 3.1.1) | E27: N/A | F27: 0 | G27: 0 | H27: 0 | I27: 0 | K27: 0 | M27: 0 | O27: 0
D28: Mobile Device Management Basic (Exh 4.2 section 4.1.1) | E28: N/A | F28: 1 | G28: 1 | H28: 1 | I28: 1 | K28: 1 | M28: 1 | O28: 1
D29: Mobile Device Management Advanced (Exh 4.2 section 4.1.2) | E29: N/A | F29: 0.4 | G29: 0.4 | H29: 0.4 | I29: 0.4 | K29: 0.4 | M29: 0.4 | O29: 0.4
D30: Mobile Device Management Premium (Exh 4.2 section 4.1.3) (Suspended) | E30: N/A | F30: 0.7 | G30: 0.7 | H30: 0.7 | I30: 0.7 | K30: 0.7 | M30: 0.7 | O30: 0.7
... D33: Google Cloud Identity License Support for Active Microsoft Users | E33: N/A | F33: 0 | G33: 0 | H33: 0 | I33: 0 | K33: 0 | M33: 0 | O33: 0
B36: MICROSOFT SERVICES PLATFORM
C37: MS Core Services
D38: Messaging Integrated Platform Support (Exh 4.2 section 3.1.7) NOTE 3 | E38: N/A | F38: 0.876 | G38: 0.876 | H38: 0.876 | I38: 0.876 | K38: 0.876 | M38: 0.876 | O38: 0.876
D39: Archive, eDIscovery and Records Management for Active Users (Exh 4.2 section 3.1.14)Note 3 | E39: N/A | F39: 0 | G39: 0 | H39: 0 | I39: 0 | K39: 0 | M39: 0 | O39: 0
D40: Archive, eDIscovery and Records Management for Inactive Users (Exh 4.2 section 3.1.17)Note 4 | E40: N/A | F40: N/A | G40: 0 | H40: 0 | I40: 0 | K40: 0 | M40: 0 | O40: 0
D41: Interim Purview Support for Active Users (Exh 4.2 section 3.1.18)Note 5 | E41: N/A | F41: 0 | G41: 0 | H41: N/A | I41: N/A | K41: N/A | M41: N/A | O41: N/A
D42: Enterprise Technologies Charge (Exh 4.2 section 3.1.8) | E42: N/A | F42: 0 | G42: 0 | H42: 0 | I42: 0 | K42: 0 | M42: 0 | O42: 0
D43: Interoperability Solution Charge (Exh 4.2 section 3.1.9) | E43: N/A | F43: 0 | G43: 0 | H43: 0 | I43: 0 | K43: 0 | M43: 0 | O43: 0
D44: Office 365 GCC Configuration Option 1 with E3 License (Exh 4.2 section 2.1.1) | E44: N/A | F44: 0 | G44: 0 | H44: 0 | I44: 0 | K44: 0 | M44: 0 | O44: 0
D45: Office 365 GCC Configuration Option 2 with E5 License (Exh 4.2 section 2.1.2) | E45: N/A | F45: 0 | G45: 0 | H45: 0 | I45: 0 | K45: 0 | M45: 0 | O45: 0
C47: MS Other Services
D48: Secure Voicemail to Email Integration w/+D19:R23Suite (Exh 4.2 section 3.1.11) (Suspended) | E48: N/A | F48: 0 | G48: 0 | H48: 0 | I48: 0 | K48: 0 | M48: 0 | O48: 0
D49: Secure Fax to Email Direct In Dial Per User Charge (Exh 4.2 section 3.1.3) (Suspended) | E49: N/A | F49: 0 | G49: 0 | H49: 0 | I49: 0 | K49: 0 | M49: 0 | O49: 0
D50: Secure Fax to Email Toll Free Per User Charge (Exh 4.2 section 3.1.4) (Suspended) | E50: N/A | F50: 0 | G50: 0 | H50: 0 | I50: 0 | K50: 0 | M50: 0 | O50: 0
D51: Secure Fax to Email Fax Per Page Charge (Exh 4.2 section 3.1.5) (Suspended) | E51: N/A | F51: 0 | G51: 0 | H51: 0 | I51: 0 | K51: 0 | M51: 0 | O51: 0
D52: Secure Fax to Email TLS Security Charge (Exh 4.2 section 3.1.6) (Suspended) | E52: N/A | F52: 0 | G52: 0 | H52: 0 | I52: 0 | K52: 0 | M52: 0 | O52: 0
D53: End to End Encryption for Email and Data (Exh 4.2 section 3.1.12) Note 2 | E53: N/A | F53: 0 | G53: 0 | H53: 0 | I53: 0 | K53: 0 | M53: 0 | O53: 0
D54: Email and User Data Backups (Exh 4.2 section 3.1.13.1) | E54: N/A | F54: 0 | G54: 0 | H54: 0 | I54: 0 | K54: 0 | M54: 0 | O54: 0
D55: Additional Storage Allocation for Email and User Data Backups (Exh 4.2 section 3.1.13.2) | E55: N/A | F55: 0 | G55: 0 | H55: 0 | I55: 0 | K55: 0 | M55: 0 | O55: 0
D56: Messaging Platform’s DLP, Data Classification, and Data Protection (Exh 4.2 section 3.1.1) | E56: N/A | F56: 0 | G56: 0 | H56: 0 | I56: 0 | K56: 0 | M56: 0 | O56: 0
D57: Mobile Device Management Basic (Exh 4.2 section 4.1.1) | E57: N/A | F57: 1 | G57: 1 | H57: 1 | I57: 1 | K57: 1 | M57: 1 | O57: 1
D58: Mobile Device Management Advanced (Exh 4.2 section 4.1.2) | E58: N/A | F58: 0.4 | G58: 0.4 | H58: 0.4 | I58: 0.4 | K58: 0.4 | M58: 0.4 | O58: 0.4
D59: Mobile Device Management Premium (Exh 4.2 section 4.1.3) (Suspended) | E59: N/A | F59: 0.7 | G59: 0.7 | H59: 0.7 | I59: 0.7 | K59: 0.7 | M59: 0.7 | O59: 0.7
... D65: Teams Voice Enterprise Service - Support Tier 5 (Exh 4.2 section 3.1.24) | E65: N/A | F65: 0 | G65: 0 | H65: 0 | I65: 0 | K65: 0 | M65: 0 | O65: 0
C66: TVES One-Time Costs
D67: Teams Voice Enterprise Service Agency Onboarding (Per User) | E67: N/A | F67: 0 | G67: 0 | H67: 0 | I67: 0 | K67: 0 | M67: 0 | O67: 0
D68: Teams Voice Enterprise Service - Call Flow Configuration (Per Call Flow) | E68: N/A | F68: 0 | G68: 0 | H68: 0 | I68: 0 | K68: 0 | M68: 0 | O68: 0
D69: Teams Voice Enterprise Service - E911 Configuration (Per E911 Location) | E69: N/A | F69: 0 | G69: 0 | H69: 0 | I69: 0 | K69: 0 | M69: 0 | O69: 0
D70: ShareGate Governance Service Support | E70: N/A | F70: 0 | G70: 0 | H70: 0 | I70: 0 | K70: 0 | M70: 0 | O70: 0
B72: Combined Services
D73: Archive, eDIscovery and Records Management for Inactive users (Exh 4.2 section 3.1.17) | E73: N/A | F73: 0 | G73: 0 | H73: 0 | I73: 0 | K73: 0 | M73: 0 | O73: 0
D74: LISTSERV Email Distribution Lists (Exh 4.2 section 3.1.2) | E74: N/A | F74: 0 | G74: 0 | H74: 0 | I74: 0 | K74: 0 | M74: 0 | O74: 0
D76: NOTE 1: Microsoft Support for Google Users (Non-Exchange) is optional and is for the support of Google Users who want Microsoft services (Teams (excluding Exchange), SharePoint, OneDrive).
D77: NOTE 2: Virtru encryption is not applicable to OneDrive. Refer Section 5.2 in Exhibit 2.3.1

Sheet 9 - Rate Card
B2: Rate Card
B3: ($)
K6: Renewal Option 1 | L6: Renewal Option 2 | M6: Renewal Option 3
B7: Resource Type | C7: Units | D7: Annual Productive Hours | F7: Contract Year 1 | G7: Contract Year 2 | H7: Contract Year 3 | I7: Contract Year 4 | J7: Contract Year 5 | K7: Contract Year 6 | L7: Contract Year 7 | M7: Contract Year 8
B8: Software Test Analyst | C8: Hours | D8: 1920 | F8: 107 | G8: 107 | H8: 107 | I8: 107 | J8: 107 | K8: 107 | L8: 107 | M8: 107
B9: Technical Writer | C9: Hours | D9: 1920 | F9: 84 | G9: 84 | H9: 84 | I9: 84 | J9: 84 | K9: 84 | L9: 84 | M9: 84
B10: Business Analyst | C10: Hours | D10: 1920 | F10: 117 | G10: 117 | H10: 117 | I10: 117 | J10: 117 | K10: 117 | L10: 117 | M10: 117
B11: System Analyst | C11: Hours | D11: 1920 | F11: 118 | G11: 118 | H11: 118 | I11: 118 | J11: 118 | K11: 118 | L11: 118 | M11: 118
B12: Messaging Engineer | C12: Hours | D12: 1920 | F12: 159 | G12: 159 | H12: 159 | I12: 159 | J12: 159 | K12: 159 | L12: 159 | M12: 159
B13: Enterprise Architect | C13: Hours | D13: 1920 | F13: 185 | G13: 185 | H13: 185 | I13: 185 | J13: 185 | K13: 185 | L13: 185 | M13: 185
B14: Program Manager | C14: Hours | D14: 1920 | F14: 129 | G14: 129 | H14: 129 | I14: 129 | J14: 129 | K14: 129 | L14: 129 | M14: 129
B15: Project Manager | C15: Hours | D15: 1920 | F15: 138 | G15: 138 | H15: 138 | I15: 138 | J15: 138 | K15: 138 | L15: 138 | M15: 138
B16: Network Engineer | C16: Hours | D16: 1920 | F16: 136 | G16: 136 | H16: 136 | I16: 136 | J16: 136 | K16: 136 | L16: 136 | M16: 136
B17: Security Analyst | C17: Hours | D17: 1920 | F17: 140 | G17: 140 | H17: 140 | I17: 140 | J17: 140 | K17: 140 | L17: 140 | M17: 140
B18: Security Engineer | C18: Hours | D18: 1920 | F18: 149 | G18: 149 | H18: 149 | I18: 149 | J18: 149 | K18: 149 | L18: 149 | M18: 149
B19: Security Architect | C19: Hours | D19: 1920 | F19: 179 | G19: 179 | H19: 179 | I19: 179 | J19: 179 | K19: 179 | L19: 179 | M19: 179
... B38: Service Now - Advisory Lead | C38: Hours | D38: 1920 | F38: 275 | G38: 275 | H38: 275 | I38: 275 | J38: 275 | K38: 275 | L38: 275 | M38: 275
B41: Resource Type | C41: Minimum Yrs Exp in Role | D41: Total Experience | F41: Role Description | K41: Qualification
B43: =B8 -> Software Test Analyst | C43: 8 | D43: 12 | E43: i. | F43: Evaluate, recommend, and implement automated test tools and strategies. Design, implement, and conduct test and evaluation procedures to ensure system requirements | K43: Bachelor's Degree in Computer Science or Information Systems preferred
E44: ii.
E45: iii.
E46: iv.
B47: =B9 -> Technical Writer | C47: 8 | D47: 12 | E47: i. | F47: Develops and maintains user and technical documentation and project process documentation for Application Teams. Understands the user’s view of applications and/or technology and is able to put procedures in a logical sequence. Provides expertise on technical concepts of applications and /or user groups and structuring procedures in a logical sequence, due to a broad understanding of the applications. Writes a variety of technical articles, reports, brochures, and/or manuals for documentation for a wide range of uses. May be responsible for coordinating the display of graphics and the production of the document. | K47: Bachelor's Degree
E48: ii.
E49: iii.
E50: iv.
B51: =B10 -> Business Analyst | C51: 8 | D51: 12 | E51: i. | F51: Reviews, analyzes, and evaluates business systems and user needs. Formulates systems to parallel overall business strategies. Experienced with business process reengineering and identifying new applications of technology to business problems to make business more effective. Familiar with industry standard business process mapping, and reengineering. Prepares solution options, risk identification, and financial analyses such as cost/benefit, ROI, buy/build, etc. Writes detailed description of user needs, program functions, and steps required to develop or modify computer programs. | K51: Bachelor's Degree
E52: ii.
E53: iii.
E54: iv.
B55: =B11 -> System Analyst | C55: 8 | D55: 12 | E55: i. | F55: Understands business objectives and problems, identifies alternative solutions, performs studies and cost/benefit analysis of alternatives. Analyzes user requirements, procedures, and problems to automate processing or to improve existing computer system: Confers with personnel of organizational units involved to analyze current operational procedures, identify problems, and learn specific input and output requirements, such as forms of data input, how data is to be summarized, and formats for reports. Writes detailed description of user needs, program functions, and steps required to develop or modify computer program. Reviews computer system capabilities, specifications, and scheduling limitations to determine if requested program or program change is possible within existing system. | K55: Bachelor's Degree in Computer Science or Information Systems preferred
E56: ii.
E57: iii.
E58: iv.
B59: =B12 -> Messaging Engineer | C59: 2 | D59: 7 | E59: i. | F59: Responsible for ensuring that users have continuous access to email from both desktop and mobile devices. Configures the environment and establishes policies that ensure the system is performant and secure, and that it meets the needs of both users and applications that depend on mail. Has a deep understanding of dependent systems including directory, database, network, and private/public cloud architecture. Has strong problem-solving skills to resolve the most challenging issues which are escalated to when less skilled and experienced engineers are unable to resolve issues. Develops and maintains documents for system architecture and operations. Evaluates various programs and develop ways to increase efficiency of programs by adapting to new technologies. | K59: Bachelor's Degree in Computer Science or Information Systems preferred
E60: ii. | K60: At least two certifications in UC-related IT subject
E61: iii. | K61: Demonstrated succesful engineer responsibilities for at least two enterprise-level
E62: iv. | K62: environments
B63: =B13 -> Enterprise Architect | C63: 8 | D63: 12 | E63: i. | F63: Responsible for translating the client's business requirements into specific systems, applications or process designs with interlocked financial modeling for very large complex technical solutions. Analyzes customer service requirements and designs service solutions to meet those objectives. Primary expert to construct the specific solution, scope document, risk profile, and corresponding financials. Maintains and utilizes detailed industry and internal services knowledge in the construction of industry-leading services solutions, including expert working level knowledge of the processes, technologies, and people components involved in the services arena. Uses expertise to construct specific and detailed solutions that encompass process, technology, and staffing plans for customer sales opportunities. Constructs risk assessments and corresponding remediation plans relative to complex services proposals. Participates in the construction of detailed financial models that align with complex services proposals. Composes Statement of Work or other documents, using departmental automation tools as available, to craft detailed and accurate deliverables that specify processes, technology, staffing, and project management involved in proposed services solutions. As needed, provide a "trusted expert advisor" role as a Subject Matter Expert for technical services, to both internal and external customers, ranging from formal advice to internal and external customer presentations. Follow all organizational Standard Operating Procedures relative to cost modeling, approvals and reviews, and all other associated workflow and deliverables. nts | K63: Bachelor's Degree in Computer Science or Information Systems preferred
E64: ii. | K64: Current certifications across diverse and industry-recognized IT subjects
E65: iii. | K65: At least ten years of experience in IT with three as chief architect
E66: iv.
B67: =B14 -> Program Manager | C67: 8 | D67: 12 | E67: i. | F67: Organizing programs and activities in accordance with the mission and goals of the organization. Developing new programs to support the strategic direction of the organization. Creating and managing long-term goals. Developing a budget and operating plan for the program. technologies and recommends application solutions to address | K67: Bachelor's Degree in Computer Science, Business, or Information Systems preferred
E68: ii. | K68: At least five years of experience in program management
E69: iii. | K69: At least ten years of experience in IT and or business-related disciplines
E70: iv.
B71: =B15 -> Project Manager | C71: 8 | D71: 12 | E71: i. | F71: Project managers are the people in charge of a specific project or projects within a company. As the project manager, your job is to plan, budget, oversee and document all aspects of the specific project you are working on. Project managers might work by themselves or be in charge of a team to get the job done. | K71: Bachleor's Degree in Computer Science, Business, or Information Systems preferred
E72: ii. | K72: At least five years experience in Project Management
E73: iii. | K73: PMP certification preferred
E74: iv. | K74: Demonstration of successful project management with on time and on budget resutls
B75: =B16 -> Network Engineer | C75: 5 | D75: 8 | E75: i. | F75: Responsible for installing networking technologies and supporting networks. Performs highly complex network engineering work. Data engineer that operates, monitors and manages network infrastructure. Responsible for the design, implementation, management and operational support of Network Infrastructure. Assesses existing network configurations and makes recommendations based on product specifications. Configures equipment and software to meet business needs, trains others on the solution, and documents the solution for ongoing support. Functions as part of a team on larger projects, or individually provides the services on support visits or smaller projects. Provides technical support and assists with the design of network solutions. Requires experience in the technical services and support field as well as experience in network administration (DHCP, DNS, routers, firewall, etc.). | K75: Bachelor's Degree in Computer Science or Information Systems preferred
E76: ii. | K76: At least one certification in network-related IT subject
E77: iii.
E78: iv.
B79: =B17 -> Security Analyst | C79: 5 | D79: 8 | E79: i. | F79: Responsible for installing and uninstalling various security programs These programs often protect sensitive data using firewalls and data-encryption technology, and they must be updated on a regular basis to remove bugs and add new features | K79: Bachelor's Degree in Computer Science or Information Systems preferred
E80: ii. | K80: At least one certification in security-related IT subject
E81: iii.
E82: iv.
B83: =B18 -> Security Engineer | C83: 2 | D83: 5 | E83: i. | F83: Responsible for the provisioning, deployment, configuration, and administration of many different pieces of network and security-related hardware and software. These include firewalls, routers, switches, various network-monitoring tools, and virtual private networks (VPNs). | K83: Bachelor's Degree in Computer Science or Information Systems preferred
E84: ii. | K84: At least one certification in security-related IT subject
E85: iii.
E86: iv.
B87: =B19 -> Security Architect | C87: 7 | D87: 12 | E87: i. | F87: Defines computer security requirements for high-level applications, evaluates approved security product capabilities, and develops solutions to Multi-level Security (MLS) problems. Analyzes and defines security requirements for MLS issues. Designs, develops, Defines computer security requirements for high-level applications, evaluates approved security product capabilities, and develops solutions to Multi-level Security (MLS) problems. Analyzes and defines security requirements for MLS issues. Designs, develops, engineers, and implements solutions to MLS require-ments. Responsible for the implementation and development of the MLS. Gathers and organizes technical infor-mation about an organization’s mission, goals, and needs; existing security products; and ongoing programs in the MLS arena. Performs risk analyses, including risk assessments. | K87: Bachelor's Degree in Computer Science or Information Systems preferred
E88: ii. | K88: At least two certification in security-related IT subject
E89: iii.
E90: iv.
B91: =B20 -> OCM Analyst | C91: 4 | D91: 7 | E91: i. | F91: The primary role and responsibility of OCM analyst is to schedule, plan and execute releases, develop release plans, oversee release milestones, monitor related dependencies, manage risks and issues to ensure timely resolution. Executes project-level change strategies, including the measurement of change readiness and long-term sustainability. Assists in planning and designing business processes; assists in formulating recommendations to improve and support business activities. The analyst ensures the successful project delivery, long-term sustenance and continuous process improvements. Assists in creating basic test scenarios to be used in testing the business applications in order to verify that client requirements are incorporated into the system design. The OCM analyst works closely with the risk managers, application development team, quality assurance team, and other technology partners (DBAs, SAs, etc) to provide complete the IT Operations' tasks. The activities are creating change ticket, performing application releases, automate production release process, create reports/status updates, refresh environments for testing and scheduling/coordinating infrastructure activities. Manages scope - review changes with the Customer Director/Manager or the Program Manager, then resolve and document those changes with the product owners. Coordinates testing and communication strategies. Manages RFC documentation, make copies and files as needed. Tracks and reports on delinquent RFC completion status reporting; obtains data from RFC submitters. Reports status of each RFC. | K91: Bachelor's Degree
E92: ii. | K92: Advanced Degree or multiple certifications in management / project management required
E93: iii.
E94: iv.
B95: =B21 -> Communication Coordinators | C95: 5 | D95: 8 | E95: i. | F95: Analyze network characteristics (e.g., traffic, connect time, transmission speeds, packet sizes, and throughput) and recommend procurement, removals, and modifications to network components. Design and optimize network topologies and site configurations. Plan installations, transitions, and cutovers of network components and capabilities. Coordinate requirements with users and suppliers. | K95: Bachelor's Degree in Computer Science or Information Systems preferred
E96: ii.
E97: iii.
E98: iv.
B99: =B22 -> End User Trainers | C99: 5 | D99: 8 | E99: i. | F99: Provide daily supervision and direction to staff who are responsible for phone and in-person support to users in the areas of e-mail, directories, computer operating systems, desktop applications for all types of computer systems, and applications developed or deployed under this contract. Serve as the first point of contact for troubleshooting hardware/software, all types of computer systems (PC and Mac), and printer problems.ments | K99: Bachelor's Degree
E100: ii.
E101: iii.
E102: iv.
B103: =B23 -> Cloud Application Architect | C103: 6 | D103: 10 | E103: i. | F103: Designs and develops Cloud solutions including technical design, implementation, and maintenance of applications. Researches new issues or improve functionality of solutions. | K103: Bachelor's Degree in Computer Science or Engineering preferred
E104: ii. | K104: At least three years in enterprise-level applications development required
E105: iii.
E106: iv.
B107: =Q107 -> 0 | C107: 15 | D107: 20 | E107: i. | F107: Acorio leader responsible for the overall success of the project. Serves as escalation for Client or Acorio issues. | K107: 15+ years of program management experience
E108: ii. | K108: 3+ years experience in ServiceNow
E109: iii. | K109: PMP, SCRUM Master, ITILv3, SN Sys Admin
E110: iv.
B111: =Q111 -> 0 | C111: 9 | D111: 15 | E111: i. | F111: Day-to-day manager, responsible for coordination, communication, and project plan. | K111: 9+ years of project management experience
E112: ii. | K112: 3+ years experience in ServiceNow
E113: iii. | K113: PMP, SCRUM Master, ITILv3, SN Sys Admin
E114: iv.
B115: =Q115 -> 0 | C115: 5 | D115: 10 | E115: i. | F115: Technical leader of the project to ensure maintainability and efficiency/performance of the platform. | K115: 10+ years experience in IT
E116: ii. | K116: 5+ years experience in ServiceNow
E117: iii.
E118: iv.
B119: =Q119 -> 0 | C119: 6 | D119: 8 | E119: i. | F119: Technical consultants for the implementation. They will also work with Client admins for knowledge transfer efforts. | K119: 6+ years experience in IT
E120: ii. | K120: 3+ years experience in ServiceNow
E121: iii.
E122: iv.
B123: =Q123 -> 0 | C123: 2 | D123: 4 | E123: i. | F123: Technical consultants for the implementation. They will also work with Client admins for knowledge transfer efforts. | K123: 2+ years experience in IT
E124: ii. | K124: 1+ years experience in ServiceNow
...

Sheet 10 - Managed Service Expenses
B2: Managed Expenses ($)
M6: Renewal Option 1 | P6: Renewal Option 2 | S6: Renewal Option 3
B7: Description | E7: Platform; specify Google or Microsoft | F7: Contract Year 1 | G7: Contract Year 2 | H7: Contract Year 3 | I7: Contract Year 4 | J7: Contract Year 5 | K7: 5 Year Total | M7: Contract Year 6 | N7: 6 Year Total | P7: Contract Year 7 | Q7: 7 Year Total | S7: Contract Year 8 | T7: 8 Year Total
B8: MESSAGING SERVICES
C9: Managed Expenses
D10: Microsoft Unified Support - Base Block of 100 Hours Note 1 Note 2 | E10: Microsoft | F10: N/A | G10: 25000 | H10: TBD | I10: TBD | J10: TBD | K10: TBD | M10: TBD | N10: TBD | P10: TBD | Q10: TBD | S10: TBD | T10: TBD
D11: Microsoft Unified Support - Base Block of 200 Hours Note 1 Note 2 | E11: Microsoft | F11: N/A | G11: 50000 | H11: TBD | I11: TBD | J11: TBD | K11: TBD | M11: TBD | N11: TBD | P11: TBD | Q11: TBD | S11: TBD | T11: TBD
D12: Additional Hours - Minimum 10 Hour Blocks Note 2 | E12: Microsoft | F12: N/A | G12: 3280 | H12: TBD | I12: TBD | J12: TBD | K12: TBD | M12: TBD | N12: TBD | P12: TBD | Q12: TBD | S12: TBD | T12: TBD
D16: Note 1: NTT will be afforded the option each year in November to procure Enhanced Dedicated Engineering (EDE) hours from VITA's Microsoft contract. They must purchase one of the two initial Base blocks offered. These hours can be utilized from December of each year through November of the following year. These hours do not carry over into subsequent years. Prices and options may vary depending on changes directed by Microsoft. NTT will be notified of the annual fees in November of each year prior to the December procurement date. The cost of these services will be deducted from NTT's invoice for the month they are purchased.
D17: Note 2: In the event NTT desires to procure additonal hours of EDE support they can do so by ordering an additional block of hours. Annual Prices and options are dependant on Microsoft pricing. NTT will be notified of the updated annual fee in November of each year prior to the December procurement date. The cost of these services will be deducted from NTT's invoice submitted to VITA for the month they are purchased.
